Workbook
Name \a: [1]Insumos!#REF!
Name \a: [1]Insumos!#REF!
Name \a: [1]Insumos!#REF!
Name \a: [1]Insumos!#REF!
Name \b: [2]INSUMOS!#REF!
Name \b: [2]INSUMOS!#REF!
Name \b: [2]INSUMOS!#REF!
Name \b: [2]INSUMOS!#REF!
Name \i: [2]INSUMOS!#REF!
Name \i: [2]INSUMOS!#REF!
Name \i: [2]INSUMOS!#REF!
Name \i: [2]INSUMOS!#REF!
Name \m: [2]INSUMOS!#REF!
Name \m: [2]INSUMOS!#REF!
Name \m: [2]INSUMOS!#REF!
Name \m: [2]INSUMOS!#REF!
Name \r: [2]INSUMOS!#REF!
Name \r: [2]INSUMOS!#REF!
Name \r: [2]INSUMOS!#REF!
Name \r: [2]INSUMOS!#REF!
Name \t: [2]INSUMOS!#REF!
Name \t: [2]INSUMOS!#REF!
Name \t: [2]INSUMOS!#REF!
Name \t: [2]INSUMOS!#REF!
Name \x: [2]INSUMOS!#REF!
Name \x: [2]INSUMOS!#REF!
Name \x: [2]INSUMOS!#REF!
Name \x: [2]INSUMOS!#REF!
Name _________________________________apu1: [2]INSUMOS!#REF!
Name _________________________________apu1: [2]INSUMOS!#REF!
Name _________________________________apu1: [2]INSUMOS!#REF!
Name _________________________________apu1: [2]INSUMOS!#REF!
Name ________________________________apu1: [2]INSUMOS!#REF!
Name ________________________________apu1: [2]INSUMOS!#REF!
Name ________________________________apu1: [2]INSUMOS!#REF!
Name ________________________________apu1: [2]INSUMOS!#REF!
Name _______________________________apu1: [2]INSUMOS!#REF!
Name _______________________________apu1: [2]INSUMOS!#REF!
Name _______________________________apu1: [2]INSUMOS!#REF!
Name _______________________________apu1: [2]INSUMOS!#REF!
Name ______________________________apu1: [2]INSUMOS!#REF!
Name ______________________________apu1: [2]INSUMOS!#REF!
Name ______________________________apu1: [2]INSUMOS!#REF!
Name ______________________________apu1: [2]INSUMOS!#REF!
Name ____________________________apu1: [2]INSUMOS!#REF!
Name ____________________________apu1: [2]INSUMOS!#REF!
Name ____________________________apu1: [2]INSUMOS!#REF!
Name ____________________________apu1: [2]INSUMOS!#REF!
Name ___________________________apu1: [2]INSUMOS!#REF!
Name ___________________________apu1: [2]INSUMOS!#REF!
Name ___________________________apu1: [2]INSUMOS!#REF!
Name ___________________________apu1: [2]INSUMOS!#REF!
Name __________________________apu1: [2]INSUMOS!#REF!
Name __________________________apu1: [2]INSUMOS!#REF!
Name __________________________apu1: [2]INSUMOS!#REF!
Name __________________________apu1: [2]INSUMOS!#REF!
Name _________________________apu1: [2]INSUMOS!#REF!
Name _________________________apu1: [2]INSUMOS!#REF!
Name _________________________apu1: [2]INSUMOS!#REF!
Name _________________________apu1: [2]INSUMOS!#REF!

Sheet BASICO
A1: REPUBLICA DE COLOMBIA
A2: DEPARTAMENTO DEL PUTUMAYO
A3: MUNICIPIO DE SAN MIGUEL
A5: APU-BASICO
A7: =+PRESUPUESTO!#REF! -> #REF!
A9: ACTIVIDAD:
B10: Concreto MR 21 Mpa | G10: Unidad: | H10: m3
A12: I | B12: EQUIPO
B13: DESCRIPCIÓN | D13: Tipo | E13: Tarifa/Día | F13: Rend | G13: V. Unitario.
B14: Herremienta menor | F14: 0.1 | G14: =H34*F14 -> 5130.9
E20: SUBTOTAL. | H20: =ROUND(SUM(G14:G19),0) -> 5131
A21: II | B21: MATERIALES EN OBRA.
B22: DESCRIPCIÓN | D22: Unidad | E22: Cant. | F22: Precio Unit. | G22: V. Unitario.
B23: Cemento gris | D23: kg | E23: 420 | F23: 650 | G23: =+F23*E23 -> 273000
B24: Arena | D24: m3 | E24: 0.67 | F24: 60000 | G24: =+F24*E24 -> 40200
B25: Triturado | D25: m3 | E25: 0.67 | F25: 70000 | G25: =--E25*F25 -> 46900
B26: Agua | D26: lt | E26: 210 | F26: 50 | G26: =--E26*F26 -> 10500
E28: SUBTOTAL | H28: =(SUM(G23:G26)) -> 370600
A29: III | B29: MANO DE OBRA.
A30: CAN | B30: DESCRIPCIÓN | C30: Jornal | D30: Prestac | E30: Jornal Total | F30: Rend. | G30: V. Unitario.
A31: 6 | B31: Ayudante | C31: 30000 | D31: 0.75 | E31: =+(A31*C31)+(A31*C31*D31) -> 315000 | F31: 7.5035876 | G31: =(E31)/(F31) -> 41979.919
A32: 1 | B32: Oficial | C32: 40000 | D32: 0.75 | E32: =(A32*C32)+(D32*C32*A32) -> 70000 | F32: =--F31 -> 7.5035876 | G32: =E32/F32 -> 9328.871
E34: SUBTOTAL | H34: =ROUND(SUM(G31)+(G32),0) -> 51309
A35: IV | B35: TRANSPORTE
B36: DESCRIPCIÓN | C36: Unidad | D36: Cantidad | E36: Prec.Unitario | G36: Vr. Unitario
E40: SUBTOTAL | H40: =ROUND(SUM(G37)+(G38),0) -> 0
D42: TOTAL COSTOS DIRECTOS. | H42: =SUM(H20:H41) -> 427040
A44: V | B44: COSTOS INDIRECTOS.
B45: DESCRIPCIÓN | C45: % | D45: COSTO DIRECTO | F45: V. UNITARIO
B46: ADMINISTRACIÓN | C46: 0.23 | G46: =+H42*C46 -> 98219.2
B47: IMPREVISTOS | C47: 0.04 | G47: =+H42*C47 -> 17081.6
B48: UTILIDAD | C48: 0.03 | G48: =+H42*C48 -> 12811.2
D49: TOTAL COSTOS INDIRECTOS | H49: =SUM(G45:G48) -> 128112
D51: TOTAL PRECIO UNITARIO. | H51: =H42+H49 -> 555152
A56: =+PRESUPUESTO!A51 -> 0 | D56: =+PRESUPUESTO!C50 -> 0
A57: =+PRESUPUESTO!A52 -> 0 | D57: =+PRESUPUESTO!C51 -> 0
A58: =APU!#REF! -> #REF! | D58: =+PRESUPUESTO!C52 -> 0

Sheet MEMORIA DE CANTIDADES DE OBRA 
B1: SECRETARIA DE PLANEACIÓN Y OBRAS PÚBLICAS | C1: CODIGO | E1: 103
C2: SERIE Y SUBSERIE | E2: 51
B3: NIT. 800252922-2
B4: Modelo Integrado de Planeación y Gestión | C4: VERSIÓN | E4: 1
B5: PRESUPUESTO | C5: FECHA DEL FORMATO | E5: D/M/A
E6: 44216
A8: =PRESUPUESTO!A8 -> ADECUACIÓN AL CENTRO DE PRIMERA INFANCIA FRONTERAS DE PAZ SEDE PUERTO COLON DEL MUNICIPIO DE SAN MIGUEL PUTUMAYO
A11: ITEM: 1.1
A12: =PRESUPUESTO!B15 -> RESANE SUPERFICIAL DE MAMPOSTERIA | I12: =PRESUPUESTO!D15 -> M2
A13: Observación | B13: Direccion | C13: Cant | D13: Largo | E13: Ancho | F13: alto | G13: Área | H13: Area_Ven_Puer | I13: Total
B14: MUROS INTERIORES
B15: BLOQUE B EJE C-D ENTRE 3-4 | C15: 1 | D15: 1.5 | G15: =C15*D15 -> 1.5 | I15: =G15 -> 1.5
B16: OTROS | C16: 2 | D16: 3 | G16: =C16*D16 -> 6 | I16: =G16 -> 6
H17: Subtotal | I17: =ROUND(I15+I16,2) -> 7.5
A18: ITEM: 1,2
A19: =PRESUPUESTO!B16 -> DEMOLICION DE ENCHAPE DE PISO CERAMICA INCLUYE CONTRAPISO | I19: =PRESUPUESTO!D16 -> M2
A20: Observación | B20: Direccion | C20: Cant | D20: Largo | E20: Ancho | F20: Alto | G20: Área | H20: Volumen | I20: Total
B21: BAÑOS BLOQUE B EJES A-B ENTRE 1-2 | C21: 1 | D21: 3.37 | E21: 3.11 | G21: =D21*E21 -> 10.4807 | I21: =G21 -> 10.4807
B22: ANDEN EXTERNO | C22: 1 | D22: 4 | E22: 1 | G22: =D22*E22 -> 4 | I22: =G22 -> 4
I23: =G23 -> 0
A24: total | I24: =ROUND((SUM(I21:I23)),2) -> 14.48
A27: =PRESUPUESTO!B18 -> PINTURA
A29: ITEM: 3,1 | I29: M2
A30: =PRESUPUESTO!B19 -> SUMINISTRO Y APLICACIÓN ESTUCO PLASTICO ACRILICO SOBRE MUROS H MAX. 1.0M | B30: Direccion | C30: Cant | D30: Largo | E30: Ancho | F30: Alto | G30: Área | H30: Volumen | I30: Total
A31: Observación | I31: =D31 -> 0
B32: contrapiso | C32: 1 | D32: =D21 -> 3.37 | E32: =E21 -> 3.11 | G32: =C32*D32*E32 -> 10.4807 | I32: =G32 -> 10.4807
B33: anden fachada | C33: 1 | D33: =D22 -> 4 | E33: 1 | G33: =C33*D33*E33 -> 4 | I33: =G33 -> 4
I34: =G34 -> 0
A37: total | I37: =ROUND((SUM(I31:I36)),2) -> 14.48
A39: ITEM: 3,2 | I39: M2
A40: =PRESUPUESTO!#REF! -> #REF! | B40: Direccion | C40: Cant | D40: Largo | E40: Ancho | F40: Alto | G40: Área | H40: Volumen | I40: Total
A41: Observación | I41: =D41 -> 0
B42: piso salon | C42: 1 | D42: =D32 -> 3.37 | E42: =E32 -> 3.11 | G42: =C42*D42*E42 -> 10.4807 | I42: =G42 -> 10.4807
I43: =G43 -> 0
I44: =G44 -> 0
A47: total | I47: =ROUND((SUM(I41:I46)),2) -> 10.48
A48: ITEM: 2,1 | I48: =PRESUPUESTO!D19 -> M2
A49: =PRESUPUESTO!B19 -> SUMINISTRO Y APLICACIÓN ESTUCO PLASTICO ACRILICO SOBRE MUROS H MAX. 1.0M | B49: Direccion | C49: Cant | D49: Largo | E49: Ancho | F49: Alto | G49: Área | H49: DESCUENTO VENTANAS Y PUERTAS | I49: Total
A50: Observación | B50: MUROS INTERIORES
B51: BLOQUE B
B52: EJE 3-4 ENTRE C-D | C52: 1 | D52: 1.5 | E52: 0.9 | G52: =C52*D52*E52 -> 1.35 | I52: =G52 -> 1.35
B53: EJE 2 ENTRE A-B | C53: 1 | D53: 1 | E53: 4.25 | G53: =C53*D53*E53 -> 4.25 | I53: =G53 -> 4.25
B54: EJE 2 ENTRE B-C | C54: 1 | D54: 1 | E54: 2.95 | G54: =C54*D54*E54 -> 2.95 | I54: =G54 -> 2.95
B55: EJE 1-2 ENTRE A-B | C55: 2 | D55: 1 | E55: 3.5 | G55: =C55*D55*E55 -> 7 | I55: =G55 -> 7
B56: EJE 1-2 ENTRE E-F | C56: 2 | D56: 1 | E56: 1.25 | G56: =C56*D56*E56 -> 2.5 | I56: =G56 -> 2.5
B57: EJE 1-2 ENTRE E-F | C57: 2 | D57: 1 | E57: 1.14 | G57: =C57*D57*E57 -> 2.28 | I57: =G57 -> 2.28
B58: EJE 1 ENTRE A-B | C58: 1 | D58: 1 | E58: 1.37 | G58: =C58*D58*E58 -> 1.37 | I58: =G58 -> 1.37
B59: EJE 1 ENTRE B-C | C59: 1 | D59: 1 | E59: 3.09 | G59: =C59*D59*E59 -> 3.09 | I59: =G59 -> 3.09
B60: EJE 2-3 ENTRE E-F | C60: 2 | D60: 1 | E60: 3.15 | G60: =C60*D60*E60 -> 6.3 | I60: =G60 -> 6.3
B61: EJE 2-3 ENTRE E-F | C61: 2 | D61: 1 | E61: 0.69 | G61: =C61*D61*E61 -> 1.38 | I61: =G61 -> 1.38
B62: EJE 2-3 ENTRE E-F | C62: 2 | D62: 1 | E62: 2.06 | G62: =C62*D62*E62 -> 4.12 | I62: =G62 -> 4.12
B63: EJE 3-4 ENTRE E-F | C63: 2 | D63: 1 | E63: 0.82 | G63: =C63*D63*E63 -> 1.64 | I63: =G63 -> 1.64
B64: EJE 2-3 ENTRE G-H | C64: 1 | D64: 1 | E64: 3.15 | G64: =C64*D64*E64 -> 3.15 | I64: =G64 -> 3.15
H65: Subtotal | I65: =ROUND((SUM(I52:I64)),2) -> 41.38
B66: MUROS EXTERNOS
B67: FACHADA PRINCIPAL
B68: BLOQUE A_EJE 1-2 | C68: 2 | D68: 3.81 | F68: 3.4 | G68: =C68*D68*F68 -> 25.908 | H68: 0 | I68: =(G68-H68) -> 25.908
B69: BLOQUE A_EJE 2-3 | C69: 2 | D69: =3.53 -> 3.53 | F69: 3 | G69: =C69*D69*F69 -> 21.18 | H69: =(2.57*2) -> 5.14 | I69: =(G69-H69) -> 16.04
B70: BLOQUE A Y B EJES 3-1 | C70: 2 | D70: 3.38 | F70: 3 | G70: =C70*D70*F70 -> 20.28 | H70: =2.78*2 -> 5.56 | I70: =(G70-H70) -> 14.72
B71: BLOQUE B_EJE 1-2 | C71: 2 | D71: 3.55 | F71: 3 | G71: =C71*D71*F71 -> 21.3 | H71: =1.48*0.8 -> 1.184 | I71: =(G71-H71) -> 20.116
B72: BLOQUE B_EJE 2-3 | C72: 2 | D72: 3.15 | F72: 2.8 | G72: =C72*D72*F72 -> 17.64 | H72: =(1*0.75)+(1.28*1.9) -> 3.182 | I72: =(G72-H72) -> 14.458
B73: BLOQUE B_EJE 3-4 | C73: 2 | D73: 1.48 | F73: 2.8 | G73: =C73*D73*F73 -> 8.288 | H73: =0.88*2 -> 1.76 | I73: =(G73-H73) -> 6.528
H74: Subtotal | I74: =ROUND((SUM(I68:I73)),2) -> 97.77
B75: FACHADA POSTERIOR
B76: BLOQUE A_EJE 1-2 | C76: 2 | D76: 3.8 | F76: 3.4 | G76: =C76*D76*F76 -> 25.84 | H76: 0 | I76: =(G76-H76) -> 25.84
B77: BLOQUE A_EJE 2-3 | C77: 2 | D77: 3.53 | F77: 3 | G77: =C77*D77*F77 -> 21.18 | H77: 0 | I77: =(G77-H77) -> 21.18
B78: BLOQUE A Y B EJES 3-1 | C78: 2 | D78: 3.22 | F78: 3 | G78: =C78*D78*F78 -> 19.32 | H78: =(1.6*2.3) -> 3.68 | I78: =(G78-H78) -> 15.64
B79: BLOQUE B_EJE 1-2 | C79: 2 | D79: 3.51 | F79: 3 | G79: =C79*D79*F79 -> 21.06 | H79: =(2.38*0.6) -> 1.428 | I79: =(G79-H79) -> 19.632
B80: BLOQUE B_EJE 2-3 | C80: 2 | D80: 3.15 | F80: 3 | G80: =C80*D80*F80 -> 18.9 | H80: =(1.9*0.55) -> 1.045 | I80: =(G80-H80) -> 17.855
B81: BLOQUE B_EJE 3-4 | C81: 2 | D81: 1.46 | F81: 2.8 | G81: =C81*D81*F81 -> 8.176 | H81: 0 | I81: =(G81-H81) -> 8.176
H82: Subtotal | I82: =ROUND((SUM(I76:I81)),2) -> 108.32
B83: OTROS | C83: 1 | D83: 60
H84: Subtotal | I84: =ROUND((SUM(I83)),2) -> 0
B85: TOTAL DE MUROS EXTERNOS Y INTERNOS | I85: =ROUND((SUM(I82+I74+I65+I84)),2) -> 247.47
A87: ITEM: 2,2 | I87: =PRESUPUESTO!D20 -> M2
A88: =PRESUPUESTO!B20 -> VINILO INTERIOR TIPO 1 COLOR A CONVENIR (2 MANOS) | B88: Direccion | C88: Cant | D88: Largo | E88: Ancho | F88: Alto | G88: Área | H88: DESCUENTO VENTANAS Y PUERTAS | I88: Total
A89: Observación
B90: MUROS INTERIORES
B91: FACHADA LATERAL IZQUIERDA
B92: BLOQUE A_EJE 1 ENTRE A-B | C92: 1 | D92: 6.89 | F92: 3.4 | G92: =D92*F92 -> 23.426 | H92: =(1.16*0.78)+(2.88*1.4) -> 4.9368 | I92: =G92-H92 -> 18.4892
B93: BLOQUE A_EJE 1 ENTRE B-C | C93: 1 | D93: 6.03 | F93: 3.4 | G93: =D93*F93 -> 20.502 | H93: =(2.78*0.78)+(1*0.8) -> 2.9684 | I93: =G93-H93 -> 17.5336
B94: BLOQUE A_EJE 1 ENTRE C-D | C94: 1 | D94: 5.81 | F94: 3.4 | G94: =D94*F94 -> 19.754 | H94: =(2.6*0.8)+(1*0.8) -> 2.88 | I94: =G94-H94 -> 16.874
B95: BLOQUE A_EJE 1 ENTRE D-E | C95: 1 | D95: 8.34 | F95: 3.4 | G95: =D95*F95 -> 28.356 | H95: =(1.26*1.8)+(1.05*1.8)+(1.18*0.85)+(0.98*0.7) -> 5.847 | I95: =G95-H95 -> 22.509
H96: Subtotal | I96: =ROUND((SUM(I92:I95)),2) -> 75.41
B97: FACHADA PRINCIPAL
B98: BLOQUE A_EJE 1-2 | C98: 1 | D98: 3.67 | F98: 3.4 | G98: =D98*F98 -> 12.478 | H98: 0 | I98: =G98 -> 12.478
B99: BLOQUE A_EJE 2-3 | C99: 1 | D99: =3.53 -> 3.53 | F99: 3 | G99: =D99*F99 -> 10.59 | H99: =(2.57*2) -> 5.14 | I99: =(G99-H99) -> 5.45
B100: BLOQUE A Y B EJES 3-1 | C100: 1 | D100: 3.38 | F100: 3 | G100: =D100*F100 -> 10.14 | H100: =2.78*2 -> 5.56 | I100: =(G100-H100) -> 4.58
B101: BLOQUE B_EJE 1-2 | C101: 1 | D101: 3.34 | F101: 3 | G101: =D101*F101 -> 10.02 | H101: =1.48*0.8 -> 1.184 | I101: =(G101-H101) -> 8.836
B102: BLOQUE B_EJE 2-3 | C102: 1 | D102: 3.15 | F102: 3 | G102: =D102*F102 -> 9.45 | H102: =(1*0.75)+(1.28*1.9) -> 3.182 | I102: =(G102-H102) -> 6.268
B103: BLOQUE B_EJE 3-4 | C103: 1 | D103: 1.63 | F103: 3 | G103: =D103*F103 -> 4.89 | H103: =0.88*2 -> 1.76 | I103: =(G103-H103) -> 3.13
H104: Subtotal | I104: =ROUND((SUM(I98:I103)),2) -> 40.74
B105: FACHADA LATERAL DERCHO
B106: BLOQUE B_EJE 1 ENTRE A-B | C106: 1 | D106: 4.37 | F106: 3 | G106: =D106*F106 -> 13.11 | H106: =(2.62*1.7) -> 4.454 | I106: =(G106-H106) -> 8.656
B107: BLOQUE B_EJE 1 ENTRE B-C | C107: 1 | D107: 3.12 | F107: 3 | G107: =D107*F107 -> 9.36 | H107: =(1.78*1.7) -> 3.026 | I107: =(G107-H107) -> 6.334
B108: BLOQUE B_EJE 1 ENTRE C-D | C108: 1 | D108: 4.29 | F108: 3 | G108: =D108*F108 -> 12.87 | H108: =(0.73*1.7)+(0.95*0.8) -> 2.001 | I108: =(G108-H108) -> 10.869
B109: BLOQUE B_EJE 1 ENTRE D-E | C109: 1 | D109: 4.37 | F109: 3 | G109: =D109*F109 -> 13.11 | H109: =(1.5*0.8)+(1.38*0.8) -> 2.304 | I109: =(G109-H109) -> 10.806
B110: BLOQUE B_EJE 1 ENTRE E-F | C110: 1 | D110: 4.34 | F110: 3 | G110: =D110*F110 -> 13.02 | H110: =(1.25*0.8) -> 1 | I110: =(G110-H110) -> 12.02
B111: BLOQUE B_EJE 1 ENTRE F-G | C111: 1 | D111: 4.37 | F111: 3 | G111: =D111*F111 -> 13.11 | H111: =(1.33*0.8)+(1.1*1.5) -> 2.714 | I111: =(G111-H111) -> 10.396
B112: BLOQUE B_EJE 1 ENTRE G-H | C112: 1 | D112: 2.2 | F112: 3 | G112: =D112*F112 -> 6.6 | H112: =(1.22*0.8) -> 0.976 | I112: =(G112-H112) -> 5.624
...

Sheet APU
C2: SECRETARIA DE PLANEACIÓN Y OBRAS PÚBLICAS | D2: CODIGO | F2: 103
D3: SERIE Y SUBSERIE | F3: 51
C4: NIT. 800252922-2
C5: Modelo Integrado de Planeación y Gestión | D5: VERSIÓN | F5: 1
C6: PRESUPUESTO | D6: FECHA DEL FORMATO | F6: D/M/A
F7: 44216
A9: =PRESUPUESTO!A8 -> ADECUACIÓN AL CENTRO DE PRIMERA INFANCIA FRONTERAS DE PAZ SEDE PUERTO COLON DEL MUNICIPIO DE SAN MIGUEL PUTUMAYO
A10: =PRESUPUESTO!A15 -> 1.1 | B10: =PRESUPUESTO!B15 -> RESANE SUPERFICIAL DE MAMPOSTERIA | G10: Unidad: | H10: =PRESUPUESTO!D15 -> M2
A12: I | B12: EQUIPO
B13: DESCRIPCIÓN | D13: Tipo | E13: Tarifa/Día | F13: Rend | G13: V. Unitario.
B14: Herremienta menor | F14: 0.05 | G14: =ROUND((H27*F14),2) -> 743.75
G15: =ROUND((H27*F15),2) -> 0
E16: SUBTOTAL. | H16: =ROUND(SUM(G14:G15),2) -> 743.75
A17: II | B17: MATERIALES EN OBRA.
B18: DESCRIPCIÓN | D18: Unidad | E18: Cant. | F18: Precio Unit. | G18: V. Unitario.
B19: Malla Zaranda Arena 4X4 de 0.90 X 30 Mts | D19: m2 | E19: 1 | F19: =INSUMOS!D20 -> 8848 | G19: =ROUND((E19*F19),2) -> 8848
B20: mortero 1:3 | D20: m3 | E20: 0.018 | F20: ='BASICOS RURAL'!H86 -> 579600 | G20: =ROUND((E20*F20),2) -> 10432.8
E21: SUBTOTAL | H21: =(SUM(G19:G20)) -> 19280.8
A22: III | B22: MANO DE OBRA.
A23: CAN | B23: DESCRIPCIÓN | C23: Jornal | D23: Prestac | E23: Jornal Total | F23: Rend | G23: V. Unitario.
A24: 1 | B24: OBREROS | C24: 60000 | D24: 0.75 | E24: =+(A24*C24)+(A24*C24*D24) -> 105000 | F24: 20 | G24: =ROUND(((E24)/(F24)),2) -> 5250
A25: 1 | B25: OFICIAL | C25: 110000 | D25: 0.75 | E25: =+(A25*C25)+(A25*C25*D25) -> 192500 | F25: 20 | G25: =ROUND(((E25)/(F25)),2) -> 9625
E27: SUBTOTAL | H27: =SUM(G24)+(G25) -> 14875
A28: IV | B28: TRANSPORTE
B29: DESCRIPCIÓN | C29: Unidad | D29: Cantidad | E29: Prec.Unitario | G29: Vr. Unitario
E32: SUBTOTAL | H32: =ROUND(SUM(G30)+(G31),0) -> 0
D34: TOTAL COSTOS DIRECTOS. | H34: =ROUND((SUM(H16:H33)),2) -> 34899.55
A36: V | B36: COSTOS INDIRECTOS.
B37: DESCRIPCIÓN | C37: % | D37: COSTO DIRECTO | F37: V. UNITARIO
B38: ADMINISTRACIÓN | C38: 0.27 | G38: =ROUND((H34*C38),2) -> 9422.88
B39: IMPREVISTOS | C39: 0.02 | G39: =ROUND((H34*C39),2) -> 697.99
B40: UTILIDAD | C40: 0.03 | G40: =ROUND((H34*C40),2) -> 1046.99
D41: TOTAL COSTOS INDIRECTOS | H41: =SUM(G37:G40) -> 11167.86
D43: TOTAL PRECIO UNITARIO. | H43: =H34+H41 -> 46067.41
A46: ING EDISON FIGUEROA ORTIZ | E46: =PRESUPUESTO!C50 -> 0
A47: APOYO PROFESIONAL SPOPM | E47: =PRESUPUESTO!C51 -> 0
A48: MP 54202-356581 NTS | E48: =PRESUPUESTO!C52 -> 0
C50: SECRETARIA DE PLANEACIÓN Y OBRAS PÚBLICAS | D50: CODIGO | F50: 103
D51: SERIE Y SUBSERIE | F51: 51
C52: NIT. 800252922-2
C53: Modelo Integrado de Planeación y Gestión | D53: VERSIÓN | F53: 1
C54: PRESUPUESTO | D54: FECHA DEL FORMATO | F54: D/M/A
F55: 44216
A56: =A9 -> ADECUACIÓN AL CENTRO DE PRIMERA INFANCIA FRONTERAS DE PAZ SEDE PUERTO COLON DEL MUNICIPIO DE SAN MIGUEL PUTUMAYO
A58: =PRESUPUESTO!A16 -> 1.2 | B58: =PRESUPUESTO!B16 -> DEMOLICION DE ENCHAPE DE PISO CERAMICA INCLUYE CONTRAPISO | G58: Unidad: | H58: =PRESUPUESTO!D16 -> M2
A59: I | B59: EQUIPO
B60: DESCRIPCIÓN | D60: Tipo | E60: Tarifa/Día | F60: Rend | G60: V. Unitario.
B61: Herremienta menor | F61: 0.1 | G61: =ROUND((H77*F61),2) -> 2683.33
B62: Martillo percutor | E62: ='HERRMIENTAS Y EQUIPOS'!D28:E28 -> 0 | F62: 0.1 | G62: =ROUND((E62*F62),2) -> 0
E63: SUBTOTAL. | H63: =SUM(G61:G62) -> 2683.33
A64: II | B64: MATERIALES EN OBRA.
B65: DESCRIPCIÓN | D65: Unidad | E65: Cant. | F65: Precio Unit. | G65: V. Unitario.
G66: =ROUND((E66*F66),2) -> 0
G67: =ROUND((E67*F67),2) -> 0
E71: SUBTOTAL | H71: =(SUM(G66:G69)) -> 0
A72: III | B72: MANO DE OBRA.
A73: CAN | B73: DESCRIPCIÓN | C73: Jornal | D73: Prestac | E73: Jornal Total | F73: Rend | G73: V. Unitario.
A74: 2 | B74: OBREROS | C74: 60000 | D74: 0.75 | E74: =+(A74*C74)+(A74*C74*D74) -> 210000 | F74: 15 | G74: =ROUND(((E74)/(F74)),2) -> 14000
A75: 1 | B75: OFICIAL | C75: 110000 | D75: 0.75 | E75: =+(A75*C75)+(A75*C75*D75) -> 192500 | F75: 15 | G75: =ROUND(((E75)/(F75)),2) -> 12833.33
E77: SUBTOTAL | H77: =SUM(G74)+(G75) -> 26833.33
A78: IV | B78: TRANSPORTE
B79: DESCRIPCIÓN | C79: Unidad | D79: Cantidad | E79: Prec.Unitario | G79: Vr. Unitario
E83: SUBTOTAL | H83: =ROUND(SUM(G80)+(G81),0) -> 0
D85: TOTAL COSTOS DIRECTOS. | H85: =ROUND((SUM(H63:H84)),2) -> 29516.66
A87: V | B87: COSTOS INDIRECTOS.
B88: DESCRIPCIÓN | C88: % | D88: COSTO DIRECTO | F88: V. UNITARIO
B89: ADMINISTRACIÓN | C89: 0.27 | G89: =ROUND((H85*C89),2) -> 7969.5
B90: IMPREVISTOS | C90: 0.02 | G90: =ROUND((H85*C90),2) -> 590.33
B91: UTILIDAD | C91: 0.03 | G91: =ROUND((H85*C91),2) -> 885.5
D92: TOTAL COSTOS INDIRECTOS | H92: =SUM(G88:G91) -> 9445.33
D94: TOTAL PRECIO UNITARIO. | H94: =H85+H92 -> 38961.99
A98: ING EDISON FIGUEROA ORTIZ | E98: =PRESUPUESTO!C50 -> 0
A99: APOYO PROFESIONAL SPOPM | E99: =PRESUPUESTO!C51 -> 0
A100: MP 54202-356581 NTS | E100: =PRESUPUESTO!C52 -> 0
C102: SECRETARIA DE PLANEACIÓN Y OBRAS PÚBLICAS | D102: CODIGO | F102: 103
D103: SERIE Y SUBSERIE | F103: 51
C104: NIT. 800252922-2
C105: Modelo Integrado de Planeación y Gestión | D105: VERSIÓN | F105: 1
C106: PRESUPUESTO | D106: FECHA DEL FORMATO | F106: D/M/A
F107: 44216
A108: =PRESUPUESTO!A8 -> ADECUACIÓN AL CENTRO DE PRIMERA INFANCIA FRONTERAS DE PAZ SEDE PUERTO COLON DEL MUNICIPIO DE SAN MIGUEL PUTUMAYO
A110: =PRESUPUESTO!A19 -> 2.1 | B110: =PRESUPUESTO!B19 -> SUMINISTRO Y APLICACIÓN ESTUCO PLASTICO ACRILICO SOBRE MUROS H MAX. 1.0M | G110: Unidad: | H110: =PRESUPUESTO!D19 -> M2
A112: I | B112: EQUIPO
B113: DESCRIPCIÓN | D113: Tipo | E113: Tarifa/Día | F113: Rend | G113: V. Unitario.
B114: Herremienta menor | F114: 0.1 | G114: =ROUND((H127*F114),2) -> 743.75
B115: andamio | E115: 7650 | F115: 0.0125 | G115: =ROUND((E115*F115),2) -> 95.63
E117: SUBTOTAL. | H117: =SUM(G114:G116) -> 839.38
A118: II | B118: MATERIALES EN OBRA.
B119: DESCRIPCIÓN | D119: Unidad | E119: Cant. | F119: Precio Unit. | G119: V. Unitario.
B120: =INSUMOS!A26 -> estuco plastico liso para interiores | D120: kg | E120: 3 | F120: =INSUMOS!D26 -> 2800 | G120: =ROUND((E120*F120),2) -> 8400
E121: SUBTOTAL | H121: =(SUM(+G120)) -> 8400
A122: III | B122: MANO DE OBRA.
A123: CAN | B123: DESCRIPCIÓN | C123: Jornal | D123: Prestac | E123: Jornal Total | F123: Rend | G123: V. Unitario.
A124: 1 | B124: OBREROS | C124: 60000 | D124: 0.75 | E124: =+(A124*C124)+(A124*C124*D124) -> 105000 | F124: 40 | G124: =ROUND(((E124)/(F124)),2) -> 2625
A125: 1 | B125: OFICIAL | C125: 110000 | D125: 0.75 | E125: =+(A125*C125)+(A125*C125*D125) -> 192500 | F125: 40 | G125: =ROUND(((E125)/(F125)),2) -> 4812.5
E127: SUBTOTAL | H127: =SUM((G124)+(G125)) -> 7437.5
A128: IV | B128: TRANSPORTE
B129: DESCRIPCIÓN | C129: Unidad | D129: Cantidad | E129: Prec.Unitario | G129: Vr. Unitario
E133: SUBTOTAL | H133: =ROUND(SUM(G130)+(G131),0) -> 0
D135: TOTAL COSTOS DIRECTOS. | H135: =ROUND((SUM(H117:H134)),2) -> 16676.88
...

Sheet PRESUPUESTO
C1: SECRETARIA DE PLANEACIÓN Y OBRAS PÚBLICAS | D1: CODIGO | F1: 103
D2: SERIE Y SUBSERIE | F2: 51
C3: NIT. 800252922-2
C4: Modelo Integrado de Planeación y Gestión | D4: VERSIÓN | F4: 1
C5: PRESUPUESTO | D5: FECHA DEL FORMATO | F5: D/M/A
F6: 44216
A8: ADECUACIÓN AL CENTRO DE PRIMERA INFANCIA FRONTERAS DE PAZ SEDE PUERTO COLON DEL MUNICIPIO DE SAN MIGUEL PUTUMAYO
A11: PRESUPUESTO GENERAL
A13: ITEM | B13: DESCRIPCION | D13: UNIDAD | E13: CANTIDAD | F13: VR/UNITARIO | G13: VR/TOTAL
A14: 1 | B14: PRELIMINARES
A15: 1.1 | B15: RESANE SUPERFICIAL DE MAMPOSTERIA | D15: M2 | E15: ='MEMORIA DE CANTIDADES DE OBRA '!I17 -> 7.5 | F15: =APU!H34 -> 34899.55 | G15: =ROUND(E15*F15,2) -> 261746.63
A16: 1.2 | B16: DEMOLICION DE ENCHAPE DE PISO CERAMICA INCLUYE CONTRAPISO | D16: M2 | E16: ='MEMORIA DE CANTIDADES DE OBRA '!I24 -> 14.48 | F16: =APU!H85 -> 29516.66 | G16: =ROUND(E16*F16,2) -> 427401.24
B17: subtotal | G17: =ROUND((SUM(G15:G16)),2) -> 689147.87
A18: 2 | B18: PINTURA
A19: 2.1 | B19: SUMINISTRO Y APLICACIÓN ESTUCO PLASTICO ACRILICO SOBRE MUROS H MAX. 1.0M | D19: M2 | E19: ='MEMORIA DE CANTIDADES DE OBRA '!I85 -> 247.47 | F19: =APU!H135 -> 16676.88 | G19: =ROUND(E19*F19,2) -> 4127027.5
A20: 2.2 | B20: VINILO INTERIOR TIPO 1 COLOR A CONVENIR (2 MANOS) | D20: M2 | E20: ='MEMORIA DE CANTIDADES DE OBRA '!I165 -> 1417.81 | F20: =APU!H188 -> 10310 | G20: =ROUND(E20*F20,2) -> 14617621
A21: 2.3 | B21: VINILO EXTERIOR KORAZA COLOR A CONVENIR (2 MANOS) | D21: M2 | E21: ='MEMORIA DE CANTIDADES DE OBRA '!I203 -> 232.7 | F21: =APU!H240 -> 14761.67 | G21: =ROUND(E21*F21,2) -> 3435040.6
A22: 2.4 | B22: SUMINISTRO Y APLICACIÓN PINTURA ANTICORROSIVA CON ESMALTE | D22: M2 | E22: ='MEMORIA DE CANTIDADES DE OBRA '!I209 -> 7.5 | F22: =APU!H292 -> 15225.75 | G22: =ROUND(E22*F22,2) -> 114193.13
B23: subtotal | G23: =ROUND((SUM(G19:G22)),2) -> 22293882
A24: 3 | B24: CUBIERTA
A25: 3.1 | B25: RESANE Y SELLADO DE PERFORACIONES EN CUBIERTA | D25: UND | E25: 1 | F25: =APU!H343 -> 880382.5 | G25: =ROUND(E25*F25,2) -> 880382.5
B26: subtotal | G26: =ROUND((SUM(G25:G25)),2) -> 880382.5
A27: 4 | B27: REPARACIONES Y MONTAJES SANITARIOS
A28: 4.1 | B28: SUMINISTRO E INSTALACIÓN DE KIT DE LLAVES PARA LAVAMANOS | D28: UND | E28: ='MEMORIA DE CANTIDADES DE OBRA '!I226 -> 4 | F28: =APU!H395 -> 161272.5 | G28: =ROUND(E28*F28,2) -> 645090
A29: 4.2 | B29: SUMINISTRO E INSTALACIÓN DE KIT DE LLAVES PARA LAVAPLATOS | D29: UND | E29: ='MEMORIA DE CANTIDADES DE OBRA '!I236 -> 1 | F29: =APU!H446 -> 78272.5 | G29: =ROUND(E29*F29,2) -> 78272.5
A30: 4.3 | B30: SUMINISTRO E INSTALACIÓN DE KIT DE LLAVES PARA BAÑERA | D30: UND | E30: ='MEMORIA DE CANTIDADES DE OBRA '!I245 -> 1 | F30: =APU!H498 -> 86815.5 | G30: =ROUND(E30*F30,2) -> 86815.5
A31: 4.4 | B31: SUMINISTRO E INSTALACIÓN DE KIT DE GRIFERÍA INTERNA PARA TANQUE SANITARIO TIPO PUSH (USO INFANTIL EN CDI, INCLUYE TODOS LOS ACCESORIOS) | D31: UND | E31: ='MEMORIA DE CANTIDADES DE OBRA '!I255 -> 7 | F31: =APU!H548 -> 143272.5 | G31: =ROUND(E31*F31,2) -> 1002907.5
A32: 4.5 | B32: SUMINISTRO E INSTALACIÓN DE KIT GRIFERIA TANQUE SANITARIO TIPO PUSH(INCLUYE TODOS LOS ACCESORIOS) | D32: UND | E32: ='MEMORIA DE CANTIDADES DE OBRA '!I265 -> 3 | F32: =APU!H596 -> 93636.11 | G32: =ROUND(E32*F32,2) -> 280908.33
A33: 4.6 | B33: SONDEO DE REDES SANITARIAS | D33: M | E33: ='MEMORIA DE CANTIDADES DE OBRA '!I276 -> 80 | F33: =APU!H644 -> 5336.11 | G33: =ROUND(E33*F33,2) -> 426888.8
A34: 4.7 | B34: ENCHAPE DE PISO | D34: M2 | E34: ='MEMORIA DE CANTIDADES DE OBRA '!I283 -> 10.48 | F34: =APU!H694 -> 105676.5 | G34: =ROUND(E34*F34,2) -> 1107489.7
A35: 4.8 | B35: SERVICIO INTEGRAL DE MANTENIMIENTO DEL SISTEMA DE PRESURIZACIÓN (PREVENTIVO, CORRECTIVO Y RUTINARIO, CON ACCESORIOS) | D35: UND | E35: 1 | F35: =APU!H746 -> 2354464.2 | G35: =ROUND(E35*F35,2) -> 2354464.2
B36: subtotal | G36: =ROUND((SUM(G28:G35)),2) -> 5982836.6
A37: 5 | B37: ASEO GENERAL
A38: 5.1 | B38: LIMPIEZA FINAL DEL AREA INTERVENIDA Y RETIRO DE DESECHOS | D38: UND | E38: ='MEMORIA DE CANTIDADES DE OBRA '!I303 -> 1 | F38: =APU!H796 -> 348900 | G38: =ROUND(E38*F38,2) -> 348900
B39: subtotal | G39: =ROUND((SUM(G38:G38)),2) -> 348900
A40: TOTAL COSTO DIRECTO OBRA | G40: =ROUND((SUM(G17+G23+G26+G36+G39)),2) -> 30195149
A41: ADMINISTRACION | F41: 0.27 | G41: =ROUND((G40*F41),2) -> 8152690.3
A42: IMPREVISTOS | F42: 0.02 | G42: =ROUND((G40*F42),2) -> 603902.99
A43: UTILIDAD | F43: 0.03 | G43: =ROUND((G40*F43),2) -> 905854.48
A44: TOTAL A.I.U | G44: =SUM(G41:G43) -> 9662447.8
A45: COSTO TOTAL OBRA | G45: =G40+G44 -> 39857597

Sheet CRONOGRAMA
A2: CRONOGRAMA DE ACTIVIDADES | G2: SEMANA 1 | H2: SEMANA 2
A3: REHABILITACIÓN DEL SISTEMA DE ALCANTARILLADO SANITARIO Y PLUVIAL - CALLE 5, CARRERA 3, CALLE 4, CALLE 3, CARRERA 2, CARRERA 5 , CARRERA 1ª CARRERA 6- EN EL CORREGIMIENTO DE PUERTO COLÓN MUNICIPIO DE SAN MIGUEL DEPARTAMENTO DEL PUTUMAYO
A5: ITEM | B5: DESCRIPCION | C5: UNIDAD | D5: CANTIDAD | E5: VR/UNITARIO | F5: VR/TOTAL
A6: 1 | B6: PRELIMINARES
A7: 1.1 | B7: Localizacion y replanteo | C7: m2 | D7: =+PRESUPUESTO!#REF! -> #REF! | E7: =+PRESUPUESTO!#REF! -> #REF! | F7: =ROUND((D7*E7),0) -> #REF! | G7: =+F7 -> #REF!
B8: SUBTOTAL | F8: =+F7 -> #REF!
A9: 2 | B9: ESTRUCTURA SANITARIA Y DE PAVIMENTO | J9: 2.55
A10: 2.1 | B10: Excavacion manual | C10: m3 | D10: =+PRESUPUESTO!#REF! -> #REF! | E10: =+PRESUPUESTO!#REF! -> #REF! | F10: =ROUND((D10*E10),0) -> #REF! | G10: =+F10 -> #REF! | J10: 5
A11: 2.2 | B11: Retiro tuberia existente en mal estado | C11: ml | D11: =+PRESUPUESTO!#REF! -> #REF! | E11: =+PRESUPUESTO!#REF! -> #REF! | F11: =ROUND((D11*E11),0) -> #REF! | G11: =+F11 -> #REF! | J11: 2.4
A12: 2.3 | B12: Retiro de material de excavacion y demolicion | C12: m3 | D12: =+PRESUPUESTO!#REF! -> #REF! | E12: =+PRESUPUESTO!#REF! -> #REF! | F12: =ROUND((D12*E12),0) -> #REF! | G12: =+F12 -> #REF! | J12: 1.8
A13: 2.4 | B13: Relleno con material grudo de rio | C13: m3 | D13: =+PRESUPUESTO!#REF! -> #REF! | E13: =+PRESUPUESTO!#REF! -> #REF! | F13: =ROUND((D13*E13),0) -> #REF! | G13: =+F13 -> #REF! | J13: 3.4
A14: 2.5 | B14: Instalacion de tuberia 8" (incluye encamado en arena) | C14: ml | D14: =+PRESUPUESTO!#REF! -> #REF! | E14: =+PRESUPUESTO!#REF! -> #REF! | F14: =ROUND((D14*E14),0) -> #REF! | G14: =+F14 -> #REF! | J14: 2
A15: 2.6 | B15: Kit silla Yee 6" a 8" | C15: und | D15: =+PRESUPUESTO!#REF! -> #REF! | E15: =+PRESUPUESTO!#REF! -> #REF! | F15: =ROUND((D15*E15),0) -> #REF! | G15: =+F15 -> #REF! | J15: 6.6
A16: 2.7 | B16: Relleno con material de excavación seleccionado, compactado | C16: m3 | D16: =+PRESUPUESTO!#REF! -> #REF! | E16: =+PRESUPUESTO!#REF! -> #REF! | F16: =ROUND((D16*E16),0) -> #REF! | H16: =+F16 -> #REF! | J16: 1.2
A17: 2.8 | B17: Subbase compactada con material de selección | C17: m3 | D17: =+PRESUPUESTO!#REF! -> #REF! | E17: =+PRESUPUESTO!#REF! -> #REF! | F17: =ROUND((D17*E17),0) -> #REF! | H17: =+F17 -> #REF! | J17: 2.4
A18: 2.9 | B18: Placa en concreto rigido de 3.8 MPA, e=20 cm incluye juntas de expansion y sellado | C18: m2 | D18: =+PRESUPUESTO!#REF! -> #REF! | E18: =+PRESUPUESTO!#REF! -> #REF! | F18: =ROUND((D18*E18),0) -> #REF! | H18: =+F18 -> #REF! | J18: 6
A19: =+PRESUPUESTO!#REF! -> #REF! | B19: Suministro y aplicación de curador tipo antisol para concreto rigido | C19: m2 | D19: =+PRESUPUESTO!#REF! -> #REF! | E19: =+PRESUPUESTO!#REF! -> #REF! | F19: =ROUND((D19*E19),0) -> #REF! | H19: =+F19 -> #REF!
B20: SUBTOTAL | F20: =+F10+F11+F12+F13+F14+F15+F16+F17+F18+F19 -> #REF!
A21: 3 | B21: ALCANTARILLADO PLUVIAL
A22: 3.1 | B22: Limpieza y sondeo de tuberia 8 y 10" | C22: ml | D22: =+PRESUPUESTO!#REF! -> #REF! | E22: =+PRESUPUESTO!#REF! -> #REF! | F22: =ROUND((D22*E22),0) -> #REF! | H22: =+F22 -> #REF!
A23: 3.2 | B23: Limpieza de camras de inspeción | C23: und | D23: =+'Memoria de Cantidades'!J48 -> 34 | E23: =+PRESUPUESTO!#REF! -> #REF! | F23: =ROUND((D23*E23),0) -> #REF! | H23: =+F23 -> #REF!
A24: 3.3 | B24: Limpieza de sumideros y cajillas (inclulle tuberia sumideros a tubo principal) | C24: und | D24: =+'Memoria de Cantidades'!J50 -> 11 | E24: =+PRESUPUESTO!#REF! -> #REF! | F24: =ROUND((D24*E24),0) -> #REF! | H24: =+F24 -> #REF!
B25: SUBTOTAL | F25: =+F22+F23+F24 -> #REF! | G25: =SUM(G7:G24) -> #REF! | H25: =SUM(H16:H24) -> #REF!
B26: TOTAL COSTO DIRECTO OBRA | F26: =+F8+F20+F25 -> #REF!
B29: =+'Memoria de Cantidades'!B52 -> ALABORÓ: | F29: =+'Memoria de Cantidades'!E52 -> Vo.Bo.
B34: =+'Memoria de Cantidades'!B56 -> 0 | F34: =+'Memoria de Cantidades'!E56 -> 0
B35: =+'Memoria de Cantidades'!B57 -> 0 | F35: =+'Memoria de Cantidades'!E57 -> 0
B36: =+'Memoria de Cantidades'!B58 -> #REF! | F36: =+'Memoria de Cantidades'!E58 -> 0

Sheet Memoria de Cantidades
A1: REPUBLICA DE COLOMBIA
A2: DEPARTAMENTO DEL PUTUMAYO
A3: MUNICIPIO DE SAN MIGUEL
A5: MEMORIA DE CANTIDADES
A6: =+PRESUPUESTO!#REF! -> #REF!
A7: ITEM | B7: Descripción | C7: Und | D7: L (m) | E7: A (m) | F7: H(m) | G7: Área(m2) | H7: Volumen(m3) | I7: Kg | J7: Unidad | K7: Cantidad
A8: 1 | B8: PRELIMINARES
A9: 1.1 | B9: Localización y replanteo | C9: m2 | K9: =+G10 -> 3.5
B10: Sector la Vega calle 3 entre crr 2 y 3 | D10: 7 | E10: 0.5 | G10: =--D10*E10 -> 3.5
A11: 1.2 | B11: Demolicion placa existente | C11: m2 | K11: =+G12 -> 1
B12: =B10 -> Sector la Vega calle 3 entre crr 2 y 3 | D12: 2.5 | E12: 0.4 | G12: =--E12*D12 -> 1
A13: 2 | B13: ESTRUCTURA SANITARIA Y DE PAVIMENTO
A14: 2.1 | B14: Excavacion manual | C14: m3 | K14: =SUM(H15:H15) -> 2.55
B15: =B12 -> Sector la Vega calle 3 entre crr 2 y 3 | D15: 3.4 | E15: 0.5 | F15: 1.5 | H15: =+D15*E15*F15 -> 2.55
A16: 2.2 | B16: Retiro tuberia existente en mal estado | C16: ml | K16: =--D17 -> 2.5
B17: =B15 -> Sector la Vega calle 3 entre crr 2 y 3 | D17: 2.5
A18: 2.3 | B18: Retiro de material de excavacion y demolicion | C18: m3 | K18: =--H19 -> 1.7
B19: =B17 -> Sector la Vega calle 3 entre crr 2 y 3 | D19: 2.5 | E19: 1.7 | F19: 0.4 | H19: =+D19*E19*F19 -> 1.7
A20: 2.4 | B20: Relleno con material crudo de rio | C20: m3 | K20: =--H21 -> 0.375
B21: =B19 -> Sector la Vega calle 3 entre crr 2 y 3 | D21: =+D19 -> 2.5 | E21: 0.5 | F21: 0.3 | H21: =+D21*E21*F21 -> 0.375
A22: 2.5 | B22: Instalacion de tuberia 6" (incluye encamado en arena) | C22: ml | K22: =D23 -> 3.4
B23: =B21 -> Sector la Vega calle 3 entre crr 2 y 3 | D23: 3.4
A24: 2.6 | B24: Kit silla tee 6" a 12" | C24: und | K24: =--J25 -> 1
B25: =B23 -> Sector la Vega calle 3 entre crr 2 y 3 | J25: 1
A26: 2.7 | B26: Relleno con material de sitio seleccionado, compactado | C26: m3 | K26: =SUM(H27:H27) -> 1.625
B27: =B25 -> Sector la Vega calle 3 entre crr 2 y 3 | D27: 2.5 | E27: 0.5 | F27: 1.3 | H27: =+D27*E27*F27 -> 1.625
A28: 2.8 | B28: Subbase compactada con material de selección | C28: m3 | K28: =SUM(H29:H29) -> 0.5
B29: =B27 -> Sector la Vega calle 3 entre crr 2 y 3 | D29: 2.5 | E29: 1 | F29: 0.2 | H29: =--D29*E29*F29 -> 0.5
A30: 2.9 | B30: Placa en concreto rigido de 21 MPA, e=20 cm incluye juntas de expansion y sellado | C30: m2 | K30: =--G31 -> 0.88
B31: =B29 -> Sector la Vega calle 3 entre crr 2 y 3 | D31: 2.2 | E31: 0.4 | G31: =--D31*E31 -> 0.88
A32: 2.1 | B32: Suministro y aplicación de curador tipo antisol para concreto rigido | C32: m2 | K32: =--G33 -> 3
B33: =B31 -> Sector la Vega calle 3 entre crr 2 y 3 | D33: 3 | E33: 1 | G33: =--D33*E33 -> 3
A34: 3 | B34: ALCANTARILLADO SANITARIO Y PLUVIAL
A35: 4.1 | B35: =+PRESUPUESTO!#REF! -> #REF! | C35: ml | K35: =SUM(K36:K46) -> 2328
B36: Carrera 3 sector de la entrada hasta estación de policia. | D36: =39.92+79.82+74.24+103.26+60.09+66.59+18.82+27 -> 469.74 | K36: =+D36 -> 469.74
B37: Calle 5 entre crr 5 a crr 3. | D37: =34.26+85.26+80.22+90.32+14.17 -> 304.23 | K37: =+D37 -> 304.23
B38: Carrera 3 entre calles 5 y 3. | D38: =21.71+11.22+12.57+47.95+38.64+14.74 -> 146.83 | K38: =+D38 -> 146.83
B39: Calle 3 entre crr 2 y crr 3 | D39: =42.91+56.52+56.63 -> 156.06 | K39: =+D39 -> 156.06
B40: Carrera 2 al descole del aserradero | D40: 180 | K40: =+D40 -> 180
B41: carrera 2 | D41: =40.24+23.31+79.03 -> 142.58 | K41: =+D41 -> 142.58
B42: Calle 4 | D42: =17.24+56.92+86.34+144+203 -> 507.5 | K42: =+D42 -> 507.5
B43: Calle 3 entre crr 2 y crr 3 | D43: =3*5 -> 15 | K43: =+D43 -> 15
B44: Calle 3 entre crr 2 y crr 3 pluvial | D44: =42.91+56.52+56.63 -> 156.06 | K44: =+D44 -> 156.06
B45: Carrera 2 al descole del aserradero pluvial | D45: 180 | K45: =+D45 -> 180
B46: Carrera 2, 3 - calle 3 y 4 tuberia sumideros | D46: =(10*1)+(10*6) -> 70 | K46: =+D46 -> 70
A47: 4.2 | B47: =+PRESUPUESTO!#REF! -> #REF! | C47: Und | K47: =+K48 -> 34
B48: Carreras 2,3 Y 4, Calles 3, 4 Y 5 | J48: 34 | K48: =+J48 -> 34
A49: 4.3 | B49: =+PRESUPUESTO!#REF! -> #REF! | C49: Und | K49: =+K50 -> 11
B50: Carrera 3 - calle 3 y calle 4 sumideros | J50: 11 | K50: =+J50 -> 11
B52: ALABORÓ: | E52: Vo.Bo.
B56: =+PRESUPUESTO!A51 -> 0 | E56: =+PRESUPUESTO!C50 -> 0
B57: =+PRESUPUESTO!A52 -> 0 | E57: =+PRESUPUESTO!C51 -> 0
B58: =+PRESUPUESTO!#REF! -> #REF! | E58: =+PRESUPUESTO!C52 -> 0

Sheet CRONOGRAMA-
C1: SECRETARIA DE PLANEACIÓN Y OBRAS PÚBLICAS | G1: CODIGO | I1: 103
G2: SERIE Y SUBSERIE | I2: 51
C3: NIT. 800252922-2
C4: Modelo Integrado de Planeación y Gestión | G4: VERSIÓN | I4: 1
C5: PRESUPUESTO | G5: FECHA DEL FORMATO | I5: D/M/A
I6: 44216
A8: =PRESUPUESTO!A8 -> ADECUACIÓN AL CENTRO DE PRIMERA INFANCIA FRONTERAS DE PAZ SEDE PUERTO COLON DEL MUNICIPIO DE SAN MIGUEL PUTUMAYO
A11: CRONOGRAMA
I12: SEMANA 1 | J12: SEMANA 2 | K12: SEMANA 3 | L12: SEMANA 4
A13: ITEM | B13: DESCRIPCION | D13: UNIDAD | E13: CANTIDAD | F13: V/UNITARIO | G13: V/TOTAL | H13: %
A14: 1 | B14: =PRESUPUESTO!B14 -> PRELIMINARES
A15: =PRESUPUESTO!A15 -> 1.1 | B15: =PRESUPUESTO!B15 -> RESANE SUPERFICIAL DE MAMPOSTERIA | D15: =PRESUPUESTO!D15 -> M2 | E15: =PRESUPUESTO!E15 -> 7.5 | F15: =PRESUPUESTO!F15 -> 34899.55 | G15: =ROUND(E15*F15,2) -> 261746.63 | H15: =G15/G42 -> 0.0065670449 | I15: =G15 -> 261746.63
A16: =PRESUPUESTO!A16 -> 1.2 | B16: =PRESUPUESTO!B16 -> DEMOLICION DE ENCHAPE DE PISO CERAMICA INCLUYE CONTRAPISO | D16: =PRESUPUESTO!D16 -> M2 | E16: =PRESUPUESTO!E16 -> 14.48 | F16: =PRESUPUESTO!F16 -> 29516.66 | G16: =ROUND(E16*F16,2) -> 427401.24 | H16: =G16/G42 -> 0.010723206 | I16: =G16 -> 427401.24
A17: =PRESUPUESTO!A18 -> 2 | B17: =PRESUPUESTO!B18 -> PINTURA
A18: =PRESUPUESTO!A19 -> 2.1 | B18: =PRESUPUESTO!B19 -> SUMINISTRO Y APLICACIÓN ESTUCO PLASTICO ACRILICO SOBRE MUROS H MAX. 1.0M | D18: =PRESUPUESTO!D19 -> M2 | E18: =PRESUPUESTO!E19 -> 247.47 | F18: =PRESUPUESTO!F19 -> 16676.88 | G18: =ROUND(E18*F18,2) -> 4127027.5 | H18: =G18/G42 -> 0.10354431 | I18: =G18 -> 4127027.5
A19: =PRESUPUESTO!A20 -> 2.2 | B19: =PRESUPUESTO!B20 -> VINILO INTERIOR TIPO 1 COLOR A CONVENIR (2 MANOS) | D19: =PRESUPUESTO!D20 -> M2 | E19: =PRESUPUESTO!E20 -> 1417.81 | F19: =PRESUPUESTO!F20 -> 10310 | G19: =ROUND(E19*F19,2) -> 14617621 | H19: =G19/G42 -> 0.36674617 | J19: =G19/2 -> 7308810.5 | K19: =G19/2 -> 7308810.5
A20: =PRESUPUESTO!A21 -> 2.3 | B20: =PRESUPUESTO!B21 -> VINILO EXTERIOR KORAZA COLOR A CONVENIR (2 MANOS) | D20: =PRESUPUESTO!D21 -> M2 | E20: =PRESUPUESTO!E21 -> 232.7 | F20: =PRESUPUESTO!F21 -> 14761.67 | G20: =ROUND(E20*F20,2) -> 3435040.6 | H20: =G20/G42 -> 0.086182832 | J20: =G20/2 -> 1717520.3 | K20: =G20/2 -> 1717520.3
A21: =PRESUPUESTO!A22 -> 2.4 | B21: =PRESUPUESTO!B22 -> SUMINISTRO Y APLICACIÓN PINTURA ANTICORROSIVA CON ESMALTE | D21: =PRESUPUESTO!D22 -> M2 | E21: =PRESUPUESTO!E22 -> 7.5 | F21: =PRESUPUESTO!F22 -> 15225.75 | G21: =ROUND(E21*F21,2) -> 114193.13 | H21: =G21/G42 -> 0.002865028 | J21: =G21 -> 114193.13
A22: =PRESUPUESTO!A24 -> 3 | B22: =PRESUPUESTO!B24 -> CUBIERTA
A23: =PRESUPUESTO!A25 -> 3.1 | B23: =PRESUPUESTO!B25 -> RESANE Y SELLADO DE PERFORACIONES EN CUBIERTA | D23: =PRESUPUESTO!D25 -> UND | E23: =PRESUPUESTO!E25 -> 1 | F23: =PRESUPUESTO!F25 -> 880382.5 | G23: =ROUND(E23*F23,2) -> 880382.5 | H23: =G23/G42 -> 0.022088198 | K23: =G23 -> 880382.5
A24: =PRESUPUESTO!A27 -> 4 | B24: =PRESUPUESTO!B27 -> REPARACIONES Y MONTAJES SANITARIOS
A25: =PRESUPUESTO!A28 -> 4.1 | B25: =PRESUPUESTO!B28 -> SUMINISTRO E INSTALACIÓN DE KIT DE LLAVES PARA LAVAMANOS | D25: =PRESUPUESTO!D28 -> UND | E25: =PRESUPUESTO!E28 -> 4 | F25: =PRESUPUESTO!F28 -> 161272.5 | G25: =ROUND(E25*F25,2) -> 645090 | H25: =G25/G42 -> 0.016184869 | K25: =G25 -> 645090
A26: =PRESUPUESTO!A29 -> 4.2 | B26: =PRESUPUESTO!B29 -> SUMINISTRO E INSTALACIÓN DE KIT DE LLAVES PARA LAVAPLATOS | D26: =PRESUPUESTO!D31 -> UND | E26: =PRESUPUESTO!E29 -> 1 | F26: =PRESUPUESTO!F29 -> 78272.5 | G26: =ROUND(E26*F26,2) -> 78272.5 | H26: =G26/G42 -> 0.0019638038 | K26: =G26 -> 78272.5
A27: =PRESUPUESTO!A30 -> 4.3 | B27: =PRESUPUESTO!B30 -> SUMINISTRO E INSTALACIÓN DE KIT DE LLAVES PARA BAÑERA | D27: =PRESUPUESTO!D30 -> UND | E27: =PRESUPUESTO!E30 -> 1 | F27: =PRESUPUESTO!F30 -> 86815.5 | G27: =ROUND(E27*F27,2) -> 86815.5 | H27: =G27/G42 -> 0.0021781418 | K27: =G27 -> 86815.5
A28: =PRESUPUESTO!A31 -> 4.4 | B28: =PRESUPUESTO!B31 -> SUMINISTRO E INSTALACIÓN DE KIT DE GRIFERÍA INTERNA PARA TANQUE SANITARIO TIPO PUSH (USO INFANTIL EN CDI, INCLUYE TODOS LOS ACCESORIOS) | D28: =PRESUPUESTO!D31 -> UND | E28: =PRESUPUESTO!E31 -> 7 | F28: =PRESUPUESTO!F31 -> 143272.5 | G28: =ROUND(E28*F28,2) -> 1002907.5 | H28: =G28/G42 -> 0.025162267 | K28: =G28 -> 1002907.5
A29: =PRESUPUESTO!A32 -> 4.5 | B29: =PRESUPUESTO!B32 -> SUMINISTRO E INSTALACIÓN DE KIT GRIFERIA TANQUE SANITARIO TIPO PUSH(INCLUYE TODOS LOS ACCESORIOS) | D29: =PRESUPUESTO!D32 -> UND | E29: =PRESUPUESTO!E32 -> 3 | F29: =PRESUPUESTO!F32 -> 93636.11 | G29: =ROUND(E29*F29,2) -> 280908.33 | H29: =G29/G42 -> 0.0070477989 | K29: =G29 -> 280908.33
A30: =PRESUPUESTO!A33 -> 4.6 | B30: =PRESUPUESTO!B33 -> SONDEO DE REDES SANITARIAS | D30: =PRESUPUESTO!D33 -> M | E30: =PRESUPUESTO!E33 -> 80 | F30: =PRESUPUESTO!F33 -> 5336.11 | G30: =ROUND(E30*F30,2) -> 426888.8 | H30: =G30/G42 -> 0.01071035 | L30: =G30 -> 426888.8
A31: =PRESUPUESTO!A34 -> 4.7 | B31: =PRESUPUESTO!B34 -> ENCHAPE DE PISO | D31: =PRESUPUESTO!D34 -> M2 | E31: =PRESUPUESTO!E34 -> 10.48 | F31: =PRESUPUESTO!F34 -> 105676.5 | G31: =ROUND(E31*F31,2) -> 1107489.7 | H31: =G31/G42 -> 0.027786164 | L31: =G31 -> 1107489.7
A32: =PRESUPUESTO!A35 -> 4.8 | B32: =PRESUPUESTO!B35 -> SERVICIO INTEGRAL DE MANTENIMIENTO DEL SISTEMA DE PRESURIZACIÓN (PREVENTIVO, CORRECTIVO Y RUTINARIO, CON ACCESORIOS) | D32: =PRESUPUESTO!D35 -> UND | E32: =PRESUPUESTO!E35 -> 1 | F32: =PRESUPUESTO!F35 -> 2354464.2 | G32: =ROUND(E32*F32,2) -> 2354464.2 | H32: =G32/G42 -> 0.059071907 | L32: =G32 -> 2354464.2
B33: =PRESUPUESTO!B37 -> ASEO GENERAL
A34: =PRESUPUESTO!A38 -> 5.1 | B34: =PRESUPUESTO!B38 -> LIMPIEZA FINAL DEL AREA INTERVENIDA Y RETIRO DE DESECHOS | D34: =PRESUPUESTO!D38 -> UND | E34: =PRESUPUESTO!E38 -> 1 | F34: =PRESUPUESTO!F38 -> 348900 | G34: =ROUND(E34*F34,2) -> 348900 | H34: =G34/G42 -> 0.0087536637 | L34: =G34 -> 348900
A36: TOTAL COSTO DIRECTO OBRA | G36: =SUM(G15:G34) -> 30195149 | H36: =SUM(H15:H34) -> 0.75757576 | I36: =SUM(I15:I34) -> 4816175.4 | J36: =SUM(J15:J34) -> 9140524 | K36: =SUM(K15:K34) -> 12000707 | L36: =SUM(L15:L34) -> 4237742.8
A38: ADMINISTRACION | F38: 0.27 | G38: =G36*F38 -> 8152690.3 | H38: =G38/G$42 -> 0.20454545 | I38: =I36*F38 -> 1300367.3 | J38: =J36*F38 -> 2467941.5 | K38: =K36*F38 -> 3240190.9 | L38: =L36*F38 -> 1144190.5
A39: IMPREVISTOS | F39: 0.02 | G39: =ROUND((F39*G$36),2) -> 603902.99 | H39: =G39/G$42 -> 0.015151515 | I39: =I36*$F$39 -> 96323.507 | J39: =J36*$F$39 -> 182810.48 | K39: =K36*$F$39 -> 240014.14 | L39: =L36*$F$39 -> 84754.855
A40: UTILIDAD | F40: 0.03 | G40: =ROUND((F40*G$36),2) -> 905854.48 | H40: =G40/G$42 -> 0.022727273 | I40: =I36*$F$40 -> 144485.26 | J40: =J36*$F$40 -> 274215.72 | K40: =K36*$F$40 -> 360021.22 | L40: =L36*$F$40 -> 127132.28
A41: TOTAL COSTO INDIRECTO OBRA | G41: =SUM(G38:G40) -> 9662447.8 | H41: =SUM(H38:H40) -> 0.24242424 | I41: =SUM(I38:I40) -> 1541176.1 | J41: =SUM(J38:J40) -> 2924967.7 | K41: =SUM(K38:K40) -> 3840226.3 | L41: =SUM(L38:L40) -> 1356077.7
A42: TOTAL OBRA | G42: =G41+G36 -> 39857597 | H42: =H36+H41 -> 1 | I42: =I$36+I$41 -> 6357351.5 | J42: =J$36+J$41 -> 12065492 | K42: =K$36+K$41 -> 15840933 | L42: =L$36+L$41 -> 5593820.5

Sheet DIAGRAMA DE GANTT
C1: SECRETARIA DE PLANEACIÓN Y OBRAS PÚBLICAS | G1: CODIGO | I1: 103
G2: SERIE Y SUBSERIE | I2: 51
C3: NIT. 800252922-2
C4: Modelo Integrado de Planeación y Gestión | G4: VERSIÓN | I4: 1
C5: PRESUPUESTO | G5: FECHA DEL FORMATO | I5: D/M/A
I6: 44216
A8: =PRESUPUESTO!A8 -> ADECUACIÓN AL CENTRO DE PRIMERA INFANCIA FRONTERAS DE PAZ SEDE PUERTO COLON DEL MUNICIPIO DE SAN MIGUEL PUTUMAYO
A11: CRONOGRAMA
I12: SEMANA 1 | J12: SEMANA 2 | K12: SEMANA 3 | L12: SEMANA 4
A13: ITEM | B13: DESCRIPCION | D13: UNIDAD | E13: CANTIDAD | F13: V/UNITARIO | G13: V/TOTAL | H13: %
A14: 1 | B14: =PRESUPUESTO!B14 -> PRELIMINARES
A15: =PRESUPUESTO!A15 -> 1.1 | B15: =PRESUPUESTO!B15 -> RESANE SUPERFICIAL DE MAMPOSTERIA | D15: =PRESUPUESTO!D15 -> M2 | E15: =PRESUPUESTO!E15 -> 7.5 | F15: =PRESUPUESTO!F15 -> 34899.55 | G15: =ROUND(E15*F15,2) -> 261746.63 | H15: =G15/G42 -> 0.0065670449
A16: =PRESUPUESTO!A16 -> 1.2 | B16: =PRESUPUESTO!B16 -> DEMOLICION DE ENCHAPE DE PISO CERAMICA INCLUYE CONTRAPISO | D16: =PRESUPUESTO!D16 -> M2 | E16: =PRESUPUESTO!E16 -> 14.48 | F16: =PRESUPUESTO!F16 -> 29516.66 | G16: =ROUND(E16*F16,2) -> 427401.24 | H16: =G16/G42 -> 0.010723206
A17: =PRESUPUESTO!A18 -> 2 | B17: =PRESUPUESTO!B18 -> PINTURA
A18: =PRESUPUESTO!A19 -> 2.1 | B18: =PRESUPUESTO!B19 -> SUMINISTRO Y APLICACIÓN ESTUCO PLASTICO ACRILICO SOBRE MUROS H MAX. 1.0M | D18: =PRESUPUESTO!D19 -> M2 | E18: =PRESUPUESTO!E19 -> 247.47 | F18: =PRESUPUESTO!F19 -> 16676.88 | G18: =ROUND(E18*F18,2) -> 4127027.5 | H18: =G18/G42 -> 0.10354431
A19: =PRESUPUESTO!A20 -> 2.2 | B19: =PRESUPUESTO!B20 -> VINILO INTERIOR TIPO 1 COLOR A CONVENIR (2 MANOS) | D19: =PRESUPUESTO!D20 -> M2 | E19: =PRESUPUESTO!E20 -> 1417.81 | F19: =PRESUPUESTO!F20 -> 10310 | G19: =ROUND(E19*F19,2) -> 14617621 | H19: =G19/G42 -> 0.36674617
A20: =PRESUPUESTO!A21 -> 2.3 | B20: =PRESUPUESTO!B21 -> VINILO EXTERIOR KORAZA COLOR A CONVENIR (2 MANOS) | D20: =PRESUPUESTO!D21 -> M2 | E20: =PRESUPUESTO!E21 -> 232.7 | F20: =PRESUPUESTO!F21 -> 14761.67 | G20: =ROUND(E20*F20,2) -> 3435040.6 | H20: =G20/G42 -> 0.086182832
A21: =PRESUPUESTO!A22 -> 2.4 | B21: =PRESUPUESTO!B22 -> SUMINISTRO Y APLICACIÓN PINTURA ANTICORROSIVA CON ESMALTE | D21: =PRESUPUESTO!D22 -> M2 | E21: =PRESUPUESTO!E22 -> 7.5 | F21: =PRESUPUESTO!F22 -> 15225.75 | G21: =ROUND(E21*F21,2) -> 114193.13 | H21: =G21/G42 -> 0.002865028
A22: =PRESUPUESTO!A24 -> 3 | B22: =PRESUPUESTO!B24 -> CUBIERTA
A23: =PRESUPUESTO!A25 -> 3.1 | B23: =PRESUPUESTO!B25 -> RESANE Y SELLADO DE PERFORACIONES EN CUBIERTA | D23: =PRESUPUESTO!D25 -> UND | E23: =PRESUPUESTO!E25 -> 1 | F23: =PRESUPUESTO!F25 -> 880382.5 | G23: =ROUND(E23*F23,2) -> 880382.5 | H23: =G23/G42 -> 0.022088198
A24: =PRESUPUESTO!A27 -> 4 | B24: =PRESUPUESTO!B27 -> REPARACIONES Y MONTAJES SANITARIOS
A25: =PRESUPUESTO!A28 -> 4.1 | B25: =PRESUPUESTO!B28 -> SUMINISTRO E INSTALACIÓN DE KIT DE LLAVES PARA LAVAMANOS | D25: =PRESUPUESTO!D28 -> UND | E25: =PRESUPUESTO!E28 -> 4 | F25: =PRESUPUESTO!F28 -> 161272.5 | G25: =ROUND(E25*F25,2) -> 645090 | H25: =G25/G42 -> 0.016184869
A26: =PRESUPUESTO!A29 -> 4.2 | B26: =PRESUPUESTO!B29 -> SUMINISTRO E INSTALACIÓN DE KIT DE LLAVES PARA LAVAPLATOS | D26: =PRESUPUESTO!D31 -> UND | E26: =PRESUPUESTO!E29 -> 1 | F26: =PRESUPUESTO!F29 -> 78272.5 | G26: =ROUND(E26*F26,2) -> 78272.5 | H26: =G26/G42 -> 0.0019638038
A27: =PRESUPUESTO!A30 -> 4.3 | B27: =PRESUPUESTO!B30 -> SUMINISTRO E INSTALACIÓN DE KIT DE LLAVES PARA BAÑERA | D27: =PRESUPUESTO!D30 -> UND | E27: =PRESUPUESTO!E30 -> 1 | F27: =PRESUPUESTO!F30 -> 86815.5 | G27: =ROUND(E27*F27,2) -> 86815.5 | H27: =G27/G42 -> 0.0021781418
A28: =PRESUPUESTO!A31 -> 4.4 | B28: =PRESUPUESTO!B31 -> SUMINISTRO E INSTALACIÓN DE KIT DE GRIFERÍA INTERNA PARA TANQUE SANITARIO TIPO PUSH (USO INFANTIL EN CDI, INCLUYE TODOS LOS ACCESORIOS) | D28: =PRESUPUESTO!D31 -> UND | E28: =PRESUPUESTO!E31 -> 7 | F28: =PRESUPUESTO!F31 -> 143272.5 | G28: =ROUND(E28*F28,2) -> 1002907.5 | H28: =G28/G42 -> 0.025162267
A29: =PRESUPUESTO!A32 -> 4.5 | B29: =PRESUPUESTO!B32 -> SUMINISTRO E INSTALACIÓN DE KIT GRIFERIA TANQUE SANITARIO TIPO PUSH(INCLUYE TODOS LOS ACCESORIOS) | D29: =PRESUPUESTO!D32 -> UND | E29: =PRESUPUESTO!E32 -> 3 | F29: =PRESUPUESTO!F32 -> 93636.11 | G29: =ROUND(E29*F29,2) -> 280908.33 | H29: =G29/G42 -> 0.0070477989
A30: =PRESUPUESTO!A33 -> 4.6 | B30: =PRESUPUESTO!B33 -> SONDEO DE REDES SANITARIAS | D30: =PRESUPUESTO!D33 -> M | E30: =PRESUPUESTO!E33 -> 80 | F30: =PRESUPUESTO!F33 -> 5336.11 | G30: =ROUND(E30*F30,2) -> 426888.8 | H30: =G30/G42 -> 0.01071035
A31: =PRESUPUESTO!A34 -> 4.7 | B31: =PRESUPUESTO!B34 -> ENCHAPE DE PISO | D31: =PRESUPUESTO!D34 -> M2 | E31: =PRESUPUESTO!E34 -> 10.48 | F31: =PRESUPUESTO!F34 -> 105676.5 | G31: =ROUND(E31*F31,2) -> 1107489.7 | H31: =G31/G42 -> 0.027786164
A32: =PRESUPUESTO!A35 -> 4.8 | B32: =PRESUPUESTO!B35 -> SERVICIO INTEGRAL DE MANTENIMIENTO DEL SISTEMA DE PRESURIZACIÓN (PREVENTIVO, CORRECTIVO Y RUTINARIO, CON ACCESORIOS) | D32: =PRESUPUESTO!D35 -> UND | E32: =PRESUPUESTO!E35 -> 1 | F32: =PRESUPUESTO!F35 -> 2354464.2 | G32: =ROUND(E32*F32,2) -> 2354464.2 | H32: =G32/G42 -> 0.059071907
B33: =PRESUPUESTO!B37 -> ASEO GENERAL
A34: =PRESUPUESTO!A38 -> 5.1 | B34: =PRESUPUESTO!B38 -> LIMPIEZA FINAL DEL AREA INTERVENIDA Y RETIRO DE DESECHOS | D34: =PRESUPUESTO!D38 -> UND | E34: =PRESUPUESTO!E38 -> 1 | F34: =PRESUPUESTO!F38 -> 348900 | G34: =ROUND(E34*F34,2) -> 348900 | H34: =G34/G42 -> 0.0087536637
A36: TOTAL COSTO DIRECTO OBRA | G36: =SUM(G15:G34) -> 30195149 | H36: =SUM(H15:H34) -> 0.75757576
A38: ADMINISTRACION | F38: 0.27 | G38: =ROUND((F38*G$36),2) -> 8152690.3 | H38: =G38/G$42 -> 0.20454545
A39: IMPREVISTOS | F39: 0.02 | G39: =ROUND((F39*G$36),2) -> 603902.99 | H39: =G39/G$42 -> 0.015151515
A40: UTILIDAD | F40: 0.03 | G40: =ROUND((F40*G$36),2) -> 905854.48 | H40: =G40/G$42 -> 0.022727273
A41: TOTAL COSTO INDIRECTO OBRA | G41: =SUM(G38:G40) -> 9662447.8 | H41: =SUM(H38:H40) -> 0.24242424
A42: TOTAL OBRA | G42: =G41+G36 -> 39857597 | H42: =H36+H41 -> 1

Sheet DESGLOSE A.I.U
B1: SECRETARIA DE PLANEACIÓN Y OBRA PÚBLICAS | D1: CÓDIGO | E1: 103
D2: SERIE Y SUBSERIE | E2: 51
B3: NIT. 800252922-2
B4: Modelo Integrado de Planeación y Gestión | D4: VERSIÓN | E4: 1
B5: PRESUPUESTO | D5: FECHA DEL FORMATO | E5: D/M/A
E6: 44216
A8: =PRESUPUESTO!A8 -> ADECUACIÓN AL CENTRO DE PRIMERA INFANCIA FRONTERAS DE PAZ SEDE PUERTO COLON DEL MUNICIPIO DE SAN MIGUEL PUTUMAYO
A11: DESGLOCE A.I.U
A13: SALARIO PERSONAL ADMINISTRATIVO DE OBRA
A14: PERSONAL | B14: SUELDO BASICO | C14: FACTOR PRESTACIONAL | E14: SUELDO + PRESTACIONES
A15: Tecnico tecnologo o ingeniero | B15: 2000000 | C15: 1.75 | E15: =B15*C15 -> 3500000
A16: 1. ADMINISTRACION
A17: 1.1. PERSONAL ADMINISTRATIVO DE OBRA | B17: SUELDO + PRESTACIONES | C17: DEDICACION | D17: MESES | E17: VALOR PARCIAL | F17: % SOBRE COSTO DIRECTO
A18: Residente de Obra | B18: =E15 -> 3500000 | C18: 0.6 | D18: 1 | E18: =ROUND((B18*C18*D18),0) -> 2100000 | F18: =E18/E54 -> 0.069547595
A19: 1.2. COSTOS DEL PROCESO
A20: Polizas y legalizacion del contrato | E20: 350000 | F20: =E20/E54 -> 0.011591266
A21: 1.3. GASTOS DE OBRA
A22: Edicion de informes Fotografias | E22: 150000 | F22: =E22/E54 -> 0.0049676853
A23: Seguridad Industrial | E23: 268539.18 | F23: =E23/E54 -> 0.0088934543
A24: 1.3 IMPUESTOS DE OBRA
A25: Retefuente | E25: =G25*PRESUPUESTO!$G$40 -> 603902.99 | F25: =E25/$E$54 -> 0.02 | G25: 0.02
A26: Impuesto de Timbre nacional (Decreto 175 de 2025) | E26: =G26*PRESUPUESTO!$G$40 -> 301951.49 | F26: =E26/$E$54 -> 0.01 | G26: 0.01
A27: Servicios (reteica) contratos de obra, y consultorias | E27: =G27*PRESUPUESTO!$G$40 -> 301951.49 | F27: =E27/$E$54 -> 0.01 | G27: 0.01
A28: Contribucion ciudadana | E28: =G28*PRESUPUESTO!$G$40 -> 1509757.5 | F28: =E28/$E$54 -> 0.05 | G28: 0.05
A29: ESTAMPILLAS
A30: Estampilla para el bienestar del adulto mayor | E30: =G30*PRESUPUESTO!$G$40 -> 1207806 | F30: =E30/$E$54 -> 0.04 | G30: 0.04
A31: estampilla procultura | E31: =G31*PRESUPUESTO!$G$40 -> 603902.99 | F31: =E31/$E$54 -> 0.02 | G31: 0.02
A32: estampilla para justicia | E32: =G32*PRESUPUESTO!$G$40 -> 603902.99 | F32: =E32/$E$54 -> 0.02 | G32: 0.02
A33: tasa prodeporte contrato de menor cuantia desde 28 a 280 SLMV | E33: =G33*PRESUPUESTO!$G$40 -> 150975.75 | F33: =E33/$E$54 -> 0.005 | G33: 0.005
A35: TOTAL ADMINISTRACION | E35: =ROUND(SUM(E18:E33),2) -> 8152690.3 | F35: =SUM(F18:F33) -> 0.27 | G35: =H50 -> 0 | H35: =E35-G35 -> 8152690.3
A37: 2. IMPREVISTOS
A38: DESCRIPCION | D38: VALOR PARCIAL | F38: PORCENTAJE
A39: IMPREVISTOS | D39: =ROUND((F39*E54),2) -> 603902.99 | F39: 0.02
A40: TOTAL UTILIDAD | D40: =D39 -> 603902.99 | F40: =SUM(F39) -> 0.02
A42: 3. UTILIDAD
A43: DESCRIPCION | D43: VALOR PARCIAL | F43: PORCENTAJE
A44: UTILIDAD | D44: =ROUND((F44*E54),2) -> 905854.48 | F44: 0.03
A45: TOTAL UTILIDAD | D45: =D44 -> 905854.48 | F45: =SUM(F44) -> 0.03
A47: TOTAL COSTO DIRECTO A.I.U
A48: RESUMEN
A49: DESCRIPCION | D49: VALOR PARCIAL | F49: PORCENTAJE | G49: total obra
A50: ADMINISTRACION | D50: =E35 -> 8152690.3 | F50: 0.27 | G50: A
A51: IMPREVISTOS | D51: =D40 -> 603902.99 | F51: 0.02 | G51: I
A52: UTILIDAD | D52: =D45 -> 905854.48 | F52: 0.03 | G52: U
A53: TOTAL | D53: =SUM(D50:E52) -> 9662447.8 | F53: =SUM(F50:F52) -> 0.32 | G53: tot AIU
A54: COSTO DIRECTO | E54: =PRESUPUESTO!G40 -> 30195149
A55: COSTO INDIRECTO (32%) | E55: =D53 -> 9662447.8
A56: SUBTOTAL | E56: =E54+E55 -> 39857597

Sheet F.M 
C1: SECRETARIA DE PLANEACIÓN Y OBRAS PÚBLICAS | D1: CODIGO | E1: 103
D2: SERIE Y SUBSERIE | E2: 51
C3: NIT. 800252922-2
C4: Modelo Integrado de Planeación y Gestión | D4: VERSIÓN | E4: 1
C5: PRESUPUESTO | D5: FECHA DEL FORMATO | E5: D/M/A
E6: 44216
A8: =PRESUPUESTO!A8 -> ADECUACIÓN AL CENTRO DE PRIMERA INFANCIA FRONTERAS DE PAZ SEDE PUERTO COLON DEL MUNICIPIO DE SAN MIGUEL PUTUMAYO
A11: FACTOR PRESTACIONAL PARA PERSONAL PROFESIONAL, ADMINISTRATIVO Y TECNICO | F11: %
A12: A. | C12: VALOR BASE (Sueldo) | F12: 100
A13: B. | C13: PRESTACIONES SOCIALES | F13: =SUM(F14:F29) -> 75.432
B14: a. | C14: Cesantías | E14: (A/12) | F14: 8.33
B15: b. | C15: Intereses sobre cesantía | E15: (a*12%) | F15: 1
B16: c. | C16: Prima anual | E16: (A/12) | F16: 8.33
B17: d. | C17: Caja de Compensación | E17: % A | F17: 4
B18: e. | C18: SENA | E18: % A | F18: 2
B19: f. | C19: ICBF | E19: % A | F19: 3
B20: g. | C20: Sistema de seguridad social : Salud | E20: % A | F20: 8.5
B21: h. | C21: Sistema de seguridad social : Pensiòn | E21: % A | F21: 12
B22: i. | C22: ARP personal en obra | E22: % A | F22: 6.96
B23: j. | C23: ARP personal en oficina | E23: % A | F23: 0.522
B24: k. | C24: Vacaciones | E24: (15/360*100) | F24: 4.17
B25: l. | C25: Ausencias justificadas | E25: (3/360*100) | F25: 0.83
... B29: p | C29: Bonoficación rereación | E29: % A | F29: 2
A30: C. | C30: SUMA (A + B) | F30: =F12+F13 -> 175.432
A32: E. | C32: FACTOR PRESTACIONAL | F32: =F30 -> 175.432
C33: FACTOR PRESTACIONAL FINAL | F33: =ROUND(F32/100,2) -> 1.75
A37: =+PRESUPUESTO!C50 -> 0
A38: =+PRESUPUESTO!C51 -> 0
A39: =+PRESUPUESTO!C52 -> 0

Sheet INSUMOS
B1: SECRETARIA DE PLANEACIÓN Y OBRAS PÚBLICAS | C1: CODIGO | E1: 103
C2: SERIE Y SUBSERIE | E2: 51
B3: NIT. 800252922-2
B4: Modelo Integrado de Planeación y Gestión | C4: VERSIÓN | E4: 1
B5: PRESUPUESTO | C5: FECHA DEL FORMATO | E5: D/M/A
E6: 44216
A7: DESCRIPCION | C7: UND | D7: V. UNITARIO
A8: Estuco acrilico Interior Exterior | C8: KG | D8: 7620
A9: Lija Grano 60 4 X 21 | C9: UND | D9: 14900
A10: Vinilo Tipo 1 Interiores | C10: GL | D10: 105500
A11: Vinilo premium Exteriores | C11: GL | D11: 125000
A12: Sellador poliuretano para lámina | C12: UND | D12: 30800
A13: Tornillo autotaladrante con arandela (3") | C13: UND | D13: 600
A14: Cinta Texsa Tapagoteras Impermeabilizante 10cm X 5mt | C14: ML | D14: 28900
A15: Cable De Drenaje De 6.5 Pies De Drenaje De Serpiente | C15: und | D15: 165400
A16: colorante anilina en polvo muiltiusos | C16: kg | D16: 10000
A17: Ceramica blanca 30x30 cm blanca | C17: m2 | D17: 71200
A18: Boquilla Con Latex Corona Negro Profundo De 2kg | C18: kg | D18: 30000
A19: Pegacor Cerámico Gris 25 Kilos Corona | C19: kg | D19: 35900
... A41: periodico | C41: und | D41: 200

Sheet HERRMIENTAS Y EQUIPOS
B1: SECRETARIA DE PLANEACIÓN Y OBRAS PÚBLICAS | C1: CODIGO | D1: 103
C2: SERIE Y SUBSERIE | D2: 51
B3: NIT. 800252922-2
B4: Modelo Integrado de Planeación y Gestión | C4: VERSIÓN | D4: 1
B5: PRESUPUESTO | C5: FECHA DEL FORMATO | D5: D/M/A
D6: 44216
A7: DESCRIPCION | C7: UND | D7: V. UNIT
A8: Accesorios y equipo | C8: %MO | D8: 0
A9: Andamio Metalico (% mano de obra) | C9: %MO | D9: 6000
A10: Broca tugsteno 1/2 | C10: Un | D10: 8900
A11: Buldozer D65-8 | C11: Hr | D11: 197592
A12: Cargador 930 1,5 yd3 | C12: Hora | D12: 140000
A13: Cilindro compactador vibratorio de Rodillo | C13: Dia | D13: 120000
A14: Cizalla manual | C14: Hora | D14: 600
A15: Compresor 120 HP, con martillo.-ML | C15: Hr | D15: 104116.36
A16: Compresor de dos martillos | C16: Dia | D16: 35000
A17: Compresor pintura | C17: Hora | D17: 8800
A18: Ensayo de resistencia concretos | C18: Unidad | D18: 35000
A19: Equipo completo de topografia | C19: Dia | D19: 120000
... A43: Vibrocompactador manual | C43: Dia | D43: 65000

Sheet BASICOS RURAL
B1: SECRETARIA DE PLANEACIÓN Y OBRA PÚBLICAS | E1: CÓDIGO | G1: 103
E2: SERIE Y SUBSERIE | G2: 51
B3: NIT. 800252922-2
B4: Modelo Integrado de Planeación y Gestión | E4: VERSIÓN | G4: 1
B5: PRESUPUESTO | E5: FECHA DEL FORMATO | G5: D/M/A
G6: 44216
A7: =PRESUPUESTO!A8 -> ADECUACIÓN AL CENTRO DE PRIMERA INFANCIA FRONTERAS DE PAZ SEDE PUERTO COLON DEL MUNICIPIO DE SAN MIGUEL PUTUMAYO
A10: BASICOS ZONA RURAL
A11: ANALISIS DE PRECIOS UNITARIOS
A13: BASICO I | B13: CONCRETO 3000 PSI | G13: Unidad: | H13: M3
A15: I | B15: HERRAMIENTA Y EQUIPO
B16: DESCRIPCIÓN | D16: Unidad | E16: Tarifa/Día | F16: Rend | G16: V. Unitario. | I16: ALQUILER EQUIPOS
B17: Mezcladora | D17: Hora | E17: =M17 -> 15000 | F17: 3.5 | G17: =E17*F17 -> 52500 | I17: TROMPO | J17: capa 2 bultos dia | L17: 120000 | M17: =L17/8 -> 15000
B18: Vibrador | D18: Hora | E18: =M18 -> 12500 | F18: 3.5 | G18: =E18*F18 -> 43750 | I18: VIBRO | J18: alquiler dia | L18: 100000 | M18: =L18/8 -> 12500
E19: SUBTOTAL. | H19: =ROUND(SUM(G17:G18),0) -> 96250
A20: II | B20: MATERIALES EN OBRA. | I20: COSTOS PUESTO EN ZONA RURAL DISPERSA
B21: DESCRIPCIÓN | D21: Unidad | E21: Cant. | F21: Precio Unit. | G21: V. Unitario. | I21: CEMENTO | J21: bulto 50Kg, con transpr | L21: 40000 | M21: =L21/50 -> 800
B22: CEMENTO GRIS TIPO 1 | D22: KG | E22: 350 | F22: =M21 -> 800 | G22: =+F22*E22 -> 280000 | I22: ARENA | J22: viaje de volqueta 5 M3 | L22: 800000 | M22: =L22/5 -> 160000
B23: AGUA | D23: LTS | E23: 210 | F23: 180 | G23: =+F23*E23 -> 37800 | I23: TRITURADO | J23: viaje de volqueta 5 M3 | L23: 1625000 | M23: =L23/5 -> 325000
B24: ARENA DE RIO | D24: M3 | E24: 0.56 | F24: =M22 -> 160000 | G24: =+F24*E24 -> 89600
B25: TRITURADO | D25: M3 | E25: 0.84 | F25: =M23 -> 325000 | G25: =+F25*E25 -> 273000
E26: SUBTOTAL | H26: =(SUM(G22:G25)) -> 680400
A27: III | B27: MANO DE OBRA.
B28: DESCRIPCIÓN | C28: H-H | D28: Prestac | E28: Cant. | F28: Rend. | G28: V. Unitario.
E30: SUBTOTAL | H30: =SUM(G29) -> 0
A31: IV | B31: TRANSPORTE
B32: DESCRIPCIÓN | C32: Unidad | D32: Cantidad | E32: Prec.Unitario | G32: Vr. Unitario
E34: SUBTOTAL | H34: =SUM(G33) -> 0
D36: TOTAL COSTOS DIRECTOS. | H36: =ROUND(SUM(H19:H35),0) -> 776650
A37: V | B37: COSTOS INDIRECTOS.
B38: DESCRIPCIÓN | C38: % | D38: COSTO DIRECTO | F38: V. UNITARIO
B39: ADMINISTRACIÓN | C39: 0.1 | G39: =+H36*C39 -> 77665
B40: IMPREVISTOS | C40: 0.02 | G40: =+H36*C40 -> 15533
D41: TOTAL COSTOS INDIRECTOS | H41: =SUM(G39:G40) -> 93198
D43: TOTAL PRECIO UNITARIO. | H43: =ROUND((H36+H41),0) -> 869848
A48: ING EDISON FIGUEROA ORTIZ | F48: ARQ. GUILLERMO YAMID VALLEJOS BENAVIDES
A49: APOYO PROFESIONAL SPOPM | F49: SECRETARIO DE PLANEACION Y OBRAS PUBLICAS
A50: MP 54202-356581 NTS | F50: SAN MIGUEL - PUTUMAYO
B51: SECRETARIA DE PLANEACIÓN Y OBRA PÚBLICAS | E51: CÓDIGO | G51: 103
E52: SERIE Y SUBSERIE | G52: 51
B53: NIT. 800252922-2
B54: Modelo Integrado de Planeación y Gestión | E54: VERSIÓN | G54: 1
B55: PRESUPUESTO | E55: FECHA DEL FORMATO | G55: D/M/A
G56: 44216
A57: =PRESUPUESTO!A8 -> ADECUACIÓN AL CENTRO DE PRIMERA INFANCIA FRONTERAS DE PAZ SEDE PUERTO COLON DEL MUNICIPIO DE SAN MIGUEL PUTUMAYO
A61: ANALISIS DE PRECIOS UNITARIOS
A63: BASICO II | B63: MORTERO 1:3 | G63: Unidad: | H63: M3
A65: I | B65: HERRAMIENTA Y EQUIPO
B66: DESCRIPCIÓN | D66: Unidad | E66: Tarifa/Día | F66: Rend | G66: V. Unitario. | I66: ALQUILER EQUIPOS
I67: TROMPO | J67: capa 2 bultos dia | L67: 120000 | M67: =L67/8 -> 15000
I68: VIBRO | J68: alquiler dia | L68: 100000 | M68: =L68/8 -> 12500
E69: SUBTOTAL. | H69: =ROUND(SUM(G67:G68),0) -> 0
A70: II | B70: MATERIALES EN OBRA. | I70: COSTOS PUESTO EN ZONA RURAL DISPERSA
B71: DESCRIPCIÓN | D71: Unidad | E71: Cant. | F71: Precio Unit. | G71: V. Unitario. | I71: CEMENTO | J71: bulto 50Kg, con transpr | L71: 40000 | M71: =L71/50 -> 800
B72: CEMENTO GRIS TIPO 1 | D72: KG | E72: 450 | F72: =M71 -> 800 | G72: =+F72*E72 -> 360000 | I72: ARENA | J72: viaje de volqueta 5 M3 | L72: 800000 | M72: =L72/5 -> 160000
B73: AGUA | D73: LTS | E73: 260 | F73: 180 | G73: =+F73*E73 -> 46800 | I73: TRITURADO | J73: viaje de volqueta 5 M3 | L73: 1625000 | M73: =L73/5 -> 325000
B74: ARENA DE RIO | D74: M3 | E74: 1.08 | F74: =M72 -> 160000 | G74: =+F74*E74 -> 172800
E76: SUBTOTAL | H76: =(SUM(G72:G75)) -> 579600
A77: III | B77: MANO DE OBRA.
B78: DESCRIPCIÓN | C78: H-H | D78: Prestac | E78: Cant. | F78: Rend. | G78: V. Unitario.
E80: SUBTOTAL | H80: =SUM(G79) -> 0
A81: IV | B81: TRANSPORTE
B82: DESCRIPCIÓN | C82: Unidad | D82: Cantidad | E82: Prec.Unitario | G82: Vr. Unitario
E84: SUBTOTAL | H84: =SUM(G83) -> 0
D86: TOTAL COSTOS DIRECTOS. | H86: =ROUND(SUM(H69:H85),0) -> 579600
A87: V | B87: COSTOS INDIRECTOS.
B88: DESCRIPCIÓN | C88: % | D88: COSTO DIRECTO | F88: V. UNITARIO
B89: ADMINISTRACIÓN | C89: 0.1 | G89: =+H86*C89 -> 57960
B90: IMPREVISTOS | C90: 0.02 | G90: =+H86*C90 -> 11592
D91: TOTAL COSTOS INDIRECTOS | H91: =SUM(G89:G90) -> 69552
D93: TOTAL PRECIO UNITARIO. | H93: =ROUND((H86+H91),0) -> 649152
A98: ING EDISON FIGUEROA ORTIZ | F98: ARQ. GUILLERMO YAMID VALLEJOS BENAVIDES
A99: APOYO PROFESIONAL SPOPM | F99: SECRETARIO DE PLANEACION Y OBRAS PUBLICAS
A100: MP 54202-356581 NTS | F100: SAN MIGUEL - PUTUMAYO
B101: SECRETARIA DE PLANEACIÓN Y OBRA PÚBLICAS | E101: CÓDIGO | G101: 103
E102: SERIE Y SUBSERIE | G102: 51
B103: NIT. 800252922-2
B104: Modelo Integrado de Planeación y Gestión | E104: VERSIÓN | G104: 1
B105: PRESUPUESTO | E105: FECHA DEL FORMATO | G105: D/M/A
G106: 44216
A108: =PRESUPUESTO!A8 -> ADECUACIÓN AL CENTRO DE PRIMERA INFANCIA FRONTERAS DE PAZ SEDE PUERTO COLON DEL MUNICIPIO DE SAN MIGUEL PUTUMAYO
A112: ANALISIS DE PRECIOS UNITARIOS
A114: BASICO III | B114: CONCRETO 2500 PSI | G114: Unidad: | H114: M3
A116: I | B116: HERRAMIENTA Y EQUIPO
B117: DESCRIPCIÓN | D117: Unidad | E117: Tarifa/Día | F117: Rend | G117: V. Unitario. | I117: ALQUILER EQUIPOS
B118: Mezcladora | D118: Hora | E118: =M118 -> 15000 | F118: 3.5 | G118: =E118*F118 -> 52500 | I118: TROMPO | J118: capa 2 bultos dia | L118: 120000 | M118: =L118/8 -> 15000
B119: Vibrador | D119: Hora | E119: =M119 -> 12500 | F119: 3.5 | G119: =E119*F119 -> 43750 | I119: VIBRO | J119: alquiler dia | L119: 100000 | M119: =L119/8 -> 12500
E120: SUBTOTAL. | H120: =ROUND(SUM(G118:G119),0) -> 96250
A121: II | B121: MATERIALES EN OBRA.
B122: DESCRIPCIÓN | D122: Unidad | E122: Cant. | F122: Precio Unit. | G122: V. Unitario. | I122: COSTOS PUESTO EN ZONA RURAL DISPERSA
B123: CEMENTO GRIS TIPO 1 | D123: KG | E123: 300 | F123: =M123 -> 800 | G123: =+F123*E123 -> 240000 | I123: CEMENTO | J123: bulto 50Kg, con transpr | L123: 40000 | M123: =L123/50 -> 800
B124: AGUA | D124: LTS | E124: 210 | F124: 180 | G124: =+F124*E124 -> 37800 | I124: ARENA | J124: viaje de volqueta 5 M3 | L124: 800000 | M124: =L124/5 -> 160000
B125: ARENA DE RIO | D125: M3 | E125: 0.48 | F125: =M124 -> 160000 | G125: =+F125*E125 -> 76800 | I125: TRITURADO | J125: viaje de volqueta 5 M3 | L125: 1625000 | M125: =L125/5 -> 325000
B126: TRITURADO | D126: M3 | E126: 0.96 | F126: =M125 -> 325000 | G126: =+F126*E126 -> 312000
E127: SUBTOTAL | H127: =(SUM(G123:G126)) -> 666600
A128: III | B128: MANO DE OBRA.
B129: DESCRIPCIÓN | C129: H-H | D129: Prestac | E129: Cant. | F129: Rend. | G129: V. Unitario.
E131: SUBTOTAL | H131: =SUM(G130) -> 0
A132: IV | B132: TRANSPORTE
B133: DESCRIPCIÓN | C133: Unidad | D133: Cantidad | E133: Prec.Unitario | G133: Vr. Unitario
...

Sheet BASICOS URBANOS
B1: SECRETARIA DE PLANEACIÓN Y OBRA PÚBLICAS | E1: CÓDIGO | G1: 103
E2: SERIE Y SUBSERIE | G2: 51
B3: NIT. 800252922-2
B4: Modelo Integrado de Planeación y Gestión | E4: VERSIÓN | G4: 1
B5: PRESUPUESTO | E5: FECHA DEL FORMATO | G5: D/M/A
G6: 44216
A7: =PRESUPUESTO!A8 -> ADECUACIÓN AL CENTRO DE PRIMERA INFANCIA FRONTERAS DE PAZ SEDE PUERTO COLON DEL MUNICIPIO DE SAN MIGUEL PUTUMAYO
A9: BASICOS ZONA RURAL
A10: ANALISIS DE PRECIOS UNITARIOS
A12: BASICO I | B12: CONCRETO 3000 PSI | G12: Unidad: | H12: M3
A14: I | B14: HERRAMIENTA Y EQUIPO
B15: DESCRIPCIÓN | D15: Unidad | E15: Tarifa/Día | F15: Rend | G15: V. Unitario. | I15: ALQUILER EQUIPOS
B16: Mezcladora | D16: Hora | E16: =M16 -> 15000 | F16: 3.5 | G16: =E16*F16 -> 52500 | I16: TROMPO | J16: capa 2 bultos dia | L16: 120000 | M16: =L16/8 -> 15000
B17: Vibrador | D17: Hora | E17: =M17 -> 12500 | F17: 3.5 | G17: =E17*F17 -> 43750 | I17: VIBRO | J17: alquiler dia | L17: 100000 | M17: =L17/8 -> 12500
E18: SUBTOTAL. | H18: =ROUND(SUM(G16:G17),0) -> 96250
A19: II | B19: MATERIALES EN OBRA. | I19: COSTOS PUESTO EN ZONA RURAL DISPERSA
B20: DESCRIPCIÓN | D20: Unidad | E20: Cant. | F20: Precio Unit. | G20: V. Unitario. | I20: CEMENTO | J20: bulto 50Kg, con transpr | L20: 38000 | M20: =L20/50 -> 760
B21: CEMENTO GRIS TIPO 1 | D21: KG | E21: 350 | F21: =M20 -> 760 | G21: =+F21*E21 -> 266000 | I21: ARENA | J21: viaje de volqueta 6 M3 | L21: 300000 | M21: =L21/6 -> 50000
B22: AGUA | D22: LTS | E22: 210 | F22: 180 | G22: =+F22*E22 -> 37800 | I22: TRITURADO | J22: viaje de volqueta 6 M3 | L22: 1500000 | M22: =L22/6 -> 250000
B23: ARENA DE RIO | D23: M3 | E23: 0.56 | F23: =M21 -> 50000 | G23: =+F23*E23 -> 28000
B24: TRITURADO | D24: M3 | E24: 0.84 | F24: =M22 -> 250000 | G24: =+F24*E24 -> 210000
E25: SUBTOTAL | H25: =(SUM(G21:G24)) -> 541800
A26: III | B26: MANO DE OBRA.
B27: DESCRIPCIÓN | C27: H-H | D27: Prestac | E27: Cant. | F27: Rend. | G27: V. Unitario.
E29: SUBTOTAL | H29: =SUM(G28) -> 0
A30: IV | B30: TRANSPORTE
B31: DESCRIPCIÓN | C31: Unidad | D31: Cantidad | E31: Prec.Unitario | G31: Vr. Unitario
E33: SUBTOTAL | H33: =SUM(G32) -> 0
D35: TOTAL COSTOS DIRECTOS. | H35: =ROUND(SUM(H18:H34),0) -> 638050
A36: V | B36: COSTOS INDIRECTOS.
B37: DESCRIPCIÓN | C37: % | D37: COSTO DIRECTO | F37: V. UNITARIO
B38: ADMINISTRACIÓN | C38: 0.1 | G38: =+H35*C38 -> 63805
B39: IMPREVISTOS | C39: 0.02 | G39: =+H35*C39 -> 12761
D40: TOTAL COSTOS INDIRECTOS | H40: =SUM(G38:G39) -> 76566
D42: TOTAL PRECIO UNITARIO. | H42: =ROUND((H35+H40),0) -> 714616
A47: =PRESUPUESTO!C50 -> 0
A48: =PRESUPUESTO!C51 -> 0
A49: =PRESUPUESTO!C52 -> 0
B50: SECRETARIA DE PLANEACIÓN Y OBRA PÚBLICAS | E50: CÓDIGO | G50: 103
E51: SERIE Y SUBSERIE | G51: 51
B52: NIT. 800252922-2
B53: Modelo Integrado de Planeación y Gestión | E53: VERSIÓN | G53: 1
B54: PRESUPUESTO | E54: FECHA DEL FORMATO | G54: D/M/A
G55: 44216
A56: =PRESUPUESTO!A8 -> ADECUACIÓN AL CENTRO DE PRIMERA INFANCIA FRONTERAS DE PAZ SEDE PUERTO COLON DEL MUNICIPIO DE SAN MIGUEL PUTUMAYO
A60: ANALISIS DE PRECIOS UNITARIOS
A62: BASICO II | B62: MORTERO 1:3 | G62: Unidad: | H62: M3
A64: I | B64: HERRAMIENTA Y EQUIPO
B65: DESCRIPCIÓN | D65: Unidad | E65: Tarifa/Día | F65: Rend | G65: V. Unitario. | I65: ALQUILER EQUIPOS
I66: TROMPO | J66: capa 2 bultos dia | L66: 120000 | M66: =L66/8 -> 15000
I67: VIBRO | J67: alquiler dia | L67: 100000 | M67: =L67/8 -> 12500
E68: SUBTOTAL. | H68: =ROUND(SUM(G66:G67),0) -> 0
A69: II | B69: MATERIALES EN OBRA. | I69: COSTOS PUESTO EN ZONA RURAL DISPERSA
B70: DESCRIPCIÓN | D70: Unidad | E70: Cant. | F70: Precio Unit. | G70: V. Unitario. | I70: CEMENTO | J70: bulto 50Kg, con transpr | L70: 38000 | M70: =L70/50 -> 760
B71: CEMENTO GRIS TIPO 1 | D71: KG | E71: 450 | F71: =M70 -> 760 | G71: =+F71*E71 -> 342000 | I71: ARENA | J71: viaje de volqueta 6 M3 | L71: 300000 | M71: =L71/6 -> 50000
B72: AGUA | D72: LTS | E72: 260 | F72: 180 | G72: =+F72*E72 -> 46800 | I72: TRITURADO | J72: viaje de volqueta 6 M3 | L72: 1500000 | M72: =L72/6 -> 250000
B73: ARENA DE RIO | D73: M3 | E73: 1.08 | F73: =M71 -> 50000 | G73: =+F73*E73 -> 54000
E75: SUBTOTAL | H75: =(SUM(G71:G74)) -> 442800
A76: III | B76: MANO DE OBRA.
B77: DESCRIPCIÓN | C77: H-H | D77: Prestac | E77: Cant. | F77: Rend. | G77: V. Unitario.
E79: SUBTOTAL | H79: =SUM(G78) -> 0
A80: IV | B80: TRANSPORTE
B81: DESCRIPCIÓN | C81: Unidad | D81: Cantidad | E81: Prec.Unitario | G81: Vr. Unitario
E83: SUBTOTAL | H83: =SUM(G82) -> 0
D85: TOTAL COSTOS DIRECTOS. | H85: =ROUND(SUM(H68:H84),0) -> 442800
A86: V | B86: COSTOS INDIRECTOS.
B87: DESCRIPCIÓN | C87: % | D87: COSTO DIRECTO | F87: V. UNITARIO
B88: ADMINISTRACIÓN | C88: 0.1 | G88: =+H85*C88 -> 44280
B89: IMPREVISTOS | C89: 0.02 | G89: =+H85*C89 -> 8856
D90: TOTAL COSTOS INDIRECTOS | H90: =SUM(G88:G89) -> 53136
D92: TOTAL PRECIO UNITARIO. | H92: =ROUND((H85+H90),0) -> 495936
A97: =PRESUPUESTO!C50 -> 0
A98: =PRESUPUESTO!C51 -> 0
A99: =PRESUPUESTO!C52 -> 0
B100: SECRETARIA DE PLANEACIÓN Y OBRA PÚBLICAS | E100: CÓDIGO | G100: 103
E101: SERIE Y SUBSERIE | G101: 51
B102: NIT. 800252922-2
B103: Modelo Integrado de Planeación y Gestión | E103: VERSIÓN | G103: 1
B104: PRESUPUESTO | E104: FECHA DEL FORMATO | G104: D/M/A
G105: 44216
A107: =PRESUPUESTO!A8 -> ADECUACIÓN AL CENTRO DE PRIMERA INFANCIA FRONTERAS DE PAZ SEDE PUERTO COLON DEL MUNICIPIO DE SAN MIGUEL PUTUMAYO
A111: ANALISIS DE PRECIOS UNITARIOS
A113: BASICO III | B113: CONCRETO 2500 PSI | G113: Unidad: | H113: M3
A115: I | B115: HERRAMIENTA Y EQUIPO
B116: DESCRIPCIÓN | D116: Unidad | E116: Tarifa/Día | F116: Rend | G116: V. Unitario. | I116: ALQUILER EQUIPOS
B117: Mezcladora | D117: Hora | E117: =M117 -> 15000 | F117: 3.5 | G117: =E117*F117 -> 52500 | I117: TROMPO | J117: capa 2 bultos dia | L117: 120000 | M117: =L117/8 -> 15000
B118: Vibrador | D118: Hora | E118: =M118 -> 12500 | F118: 3.5 | G118: =E118*F118 -> 43750 | I118: VIBRO | J118: alquiler dia | L118: 100000 | M118: =L118/8 -> 12500
E119: SUBTOTAL. | H119: =ROUND(SUM(G117:G118),0) -> 96250
A120: II | B120: MATERIALES EN OBRA.
B121: DESCRIPCIÓN | D121: Unidad | E121: Cant. | F121: Precio Unit. | G121: V. Unitario. | I121: COSTOS PUESTO EN ZONA RURAL DISPERSA
B122: CEMENTO GRIS TIPO 1 | D122: KG | E122: 300 | F122: =M122 -> 760 | G122: =+F122*E122 -> 228000 | I122: CEMENTO | J122: bulto 50Kg, con transpr | L122: 38000 | M122: =L122/50 -> 760
B123: AGUA | D123: LTS | E123: 210 | F123: 180 | G123: =+F123*E123 -> 37800 | I123: ARENA | J123: viaje de volqueta 6 M3 | L123: 300000 | M123: =L123/6 -> 50000
B124: ARENA DE RIO | D124: M3 | E124: 0.48 | F124: =M123 -> 50000 | G124: =+F124*E124 -> 24000 | I124: TRITURADO | J124: viaje de volqueta 6 M3 | L124: 1500000 | M124: =L124/6 -> 250000
B125: TRITURADO | D125: M3 | E125: 0.96 | F125: =M124 -> 250000 | G125: =+F125*E125 -> 240000
E126: SUBTOTAL | H126: =(SUM(G122:G125)) -> 529800
A127: III | B127: MANO DE OBRA.
B128: DESCRIPCIÓN | C128: H-H | D128: Prestac | E128: Cant. | F128: Rend. | G128: V. Unitario.
E130: SUBTOTAL | H130: =SUM(G129) -> 0
A131: IV | B131: TRANSPORTE
B132: DESCRIPCIÓN | C132: Unidad | D132: Cantidad | E132: Prec.Unitario | G132: Vr. Unitario
...
